 Dungeon Crawl Stone Soup version 0.31-a0-177-g4aa6249778 (webtiles) character file.

Game seed: 16097881561866372021

364557 qw the Hoplite (level 22, -2/139 (153) HPs)
             Began as a Gargoyle Fighter on June 18, 2023.
             Was an Elder of Okawaru.
             Slain by Josephina
             ... wielding a staff of cold
              (31 damage)
             ... on level 2 of the Depths.
             The game lasted 00:28:50 (45225 turns).

qw the Hoplite (Gargoyle Fighter)                  Turns: 45225, Time: 00:28:50

HP:   -2/139 (153)  AC: 51    Str: 33    XL:     22   Next: 52%
MP:   29/29         EV: 17    Int:  9    God:    Okawaru [****..]
Gold: 1388          SH: 30    Dex:  9    Spells: 21/21 levels left

rFire   . . .        c - +6 broad axe (venom)
rCold   + . .        i - +2 tower shield
rNeg    + . .        z - +4 plate armour
rPois   inf          (helmet restricted)
rElec   +            B - +2 cloak
rCorr   .            C - +2 pair of gloves
SInv    +            l - +0 pair of boots of the Cicada {rPois Slay+5 SInv Stlth-}
Will    ++++.        m - amulet of reflection Stlth
                     u - ring "Hocaostre" {Fly rC+ Will+++ Str+2}
HPRegen 0.43/turn    D - +5 ring of evasion
MPRegen 0.21/turn

%: reflection
@: heroic, flying, drained
A: sickness immunity, AC +16, big wings, negative energy resistance 1,
electricity resistance, torment resistance 1, petrification resistance, antennae
2, sense surroundings 1, subdued magic 1
}: 2/15 runes: barnacled, gossamer
a: Renounce Religion, Heroism, Finesse


You were on level 2 of the Depths.
You worshipped Okawaru.
Okawaru was greatly pleased with you.
You visited 8 branches of the dungeon, and saw 38 of its levels.
You also visited: Ossuary.

You collected 4408 gold pieces.
You spent 3020 gold pieces at shops.


Innate Abilities, Weirdness & Mutations

You are immune to sickness and miasma.
Your stone body is resilient. (AC +16)
You are immune to poison.
Your large and strong wings let you fly.
You resist negative energy. (rN+)
You are resistant to electric shocks. (rElec)
You are resistant to unholy torment.
You are immune to petrification.
You have a pair of antennae on your head.
You passively map a small area around you.
Your spells are a little easier to cast, but a little less powerful.


   Skills:
 + Level 20.5(25.5) Fighting
 - Level 18.0(23.0) Axes
 - Level 11.0(16.0) Throwing
 - Level 19.0(24.0) Armour
 - Level 6.0(11.0) Dodging
 - Level 21.0(26.0) Shields
 - Level 10.0 Invocations


You had 21 spell levels left.
You didn't know any spells.
Your spell library was empty.

Inventory:

Hand Weapons
 c - a +6 broad axe of venom (weapon)
Missiles
 r - 3 silver boomerangs
 G - 15 boomerangs
 K - 3 javelins (quivered)
Armour
 i - a +2 tower shield (worn)
 l - the +0 pair of boots of the Cicada (worn) {rPois Slay+5 SInv Stlth-}
   (You found it on level 2 of the Dungeon)

   Slay:      It affects your accuracy & damage with ranged weapons and melee
   (+5).
   rPois:     It protects you from poison.
   SInv:      It lets you see invisible.
   Stlth:     It makes you less stealthy.
 q - +0 acid dragon scales
 s - +0 ice dragon scales
 z - a +4 plate armour (worn)
 B - a +2 cloak (worn)
 C - a +2 pair of gloves (worn)
 I - the +4 skin of Zhor {*Englaciate rC+++ SInv}
   (You found it on level 13 of the Dungeon)

   *Englaciate: It radiates cold, occasionally slowing all nearby creatures who
   are not resistant to cold.
   rC:        It renders you almost immune to cold.
   SInv:      It lets you see invisible.
Jewellery
 f - a +6 ring of strength
 m - an amulet of reflection (around neck)
 t - a ring of fire
 u - the ring "Hocaostre" (left hand) {Fly rC+ Will+++ Str+2}
   (You bought it in a shop on level 2 of the Orcish Mines)

   [ring of protection from cold]

   Str:       It affects your strength (+2).
   rC:        It protects you from cold.
   Fly:       It grants you flight.
   Will:      It greatly increases your willpower.
 v - a ring of resist corrosion
 x - a ring of protection from cold
 D - a +5 ring of evasion (right hand)
 E - a ring of resist corrosion
 H - a ring of protection from fire
Wands
 b - a wand of digging (25)
Scrolls
 o - 14 scrolls of teleportation
 w - 11 scrolls of identify
Potions
 a - a potion of mutation
 d - 7 potions of might
 e - 4 potions of attraction
 g - 7 potions of enlightenment
 h - 3 potions of resistance
 j - 4 potions of magic
 k - 6 potions of curing
 n - 3 potions of haste
 p - 8 potions of lignification
 F - a potion of heal wounds
 J - 2 potions of cancellation

Dungeon Overview and Level Annotations

Branches:
Dungeon (15/15)            Temple (1/1) D:7            Lair (5/5) D:9
 Shoals (4/4) Lair:3       Spider (4/4) Lair:2        Slime (0/5) Lair:4
    Orc (2/2) D:11            Elf (0/3) Orc:2        Vaults (4/5) D:13
  Crypt (0/3) Vaults:2     Depths (3/4) D:15        Ossuary (visited)

Altars:
Ashenzari
Cheibriados
Dithmenos
Elyvilon
Fedhas
Gozag
Hepliaklqana
Kikubaaqudgha
Makhleb
Nemelex Xobeh
Okawaru
Qazlal
Ru
Sif Muna
Trog
Uskayaw
Vehumet
Wu Jian
Xom
Yredelemnul
Zin
The Shining One

Shops:
D:4 :   D:9 [   Orc:1 !   Orc:2 ?=(*   Vaults:2 ?

Portals:
Hell: Depths:1 Depths:2
Ziggurat: Depths:2

Annotations:
D:6 3 runed translucent doors, qw's ghost, novice MiHu
D:9 1 runed translucent door
Lair:5 1 runed translucent door
Depths:2 Josephina


Message History

Josephina freezes you!! You resist. Josephina freezes you!
You block Josephina's attack.
You hit Josephina but do no damage.
Josephina is moderately damaged.
You barely miss Josephina.
Josephina is moderately damaged.
Josephina casts a spell at you.
The ghostly flame explodes!
The ghostly fireball engulfs you but does no damage.
You partially resist.
The ghostly fireball engulfs Josephina.
Josephina completely resists.
You slash Josephina!
Josephina is moderately damaged.
Josephina points at you and mumbles some strange words.
The ghostly flame explodes!
The ghostly fireball engulfs you! You partially resist.
You feel drained.
The ghostly fireball engulfs Josephina.
Josephina completely resists.
You slash Josephina!
Josephina is moderately damaged.
You slash Josephina!
Josephina is heavily damaged.
Josephina barely misses you. You block Josephina's attack.
You barely miss Josephina.
Josephina is heavily damaged.
Josephina barely misses you. You block Josephina's attack.
You barely miss Josephina.
Josephina is heavily damaged.
You completely miss Josephina.
Josephina is heavily damaged.
You block Josephina's attack. x2
You slash Josephina!
Josephina is heavily damaged.
Josephina hits you with a staff of cold.
Josephina freezes you! You resist. Josephina freezes you!
Josephina barely misses you.
You slash Josephina!
Josephina is heavily damaged.
Josephina hits you with a staff of cold.
Josephina freezes you!! You resist.
You die...

##### #####.# , ....############
#.....# ....#..........#
####.....# {, ....#.########.#
#........# * ....#.#
#)#####....###.+, ....#.#
#.#............##### ....#.###
#)#.###....###......
....#.#.######.#.#####..........
................@L..........###
....#.#..........#####....(...#
.#....#.######...##<##....L...#
.#.####.#........##.##....>...# *
.#.#..#.#.......:##.##...........
.#.#..#.#........##.##........##.
...#..#.#........##.##?.........
...#..#.#........##.##.##.###....
........#........##.##. ..#####_#


You could see Josephina.

Vanquished Creatures
  Mara (Spider:4)
  Boris (twice) (Vaults:4 Depths:2)
  Arachne (Spider:2)
  Mlioglotl (Spider:4)
  Rupert (Lair:5)
  2 krakens
  Gastronok (D:11)
  Agnes (Spider:4)
  5 sphinxes
  Roxanne (D:15)
  A tengu reaver (Vaults:4)
  Kirke (Spider:4)
  A fire giant (Depths:2)
  4 emperor scorpions
  10 vault wardens
  Aizul (Vaults:4)
  11 ironbound preservers
  7 ghost moths
  2 orc warlords (Vaults:3)
  2 broodmothers
  Louise (Spider:4)
  8 ironbound thunderhulks
  4 stone giants
  4 very ugly things
  4 formless jellyfish
  2 vampire knights
  5 elemental wellsprings (Shoals:1)
  Nessos (Lair:5)
  16 dire elephants
  Snorg (D:14)
  11 spark wasps
  7 merfolk impalers
  A crystal guardian (Vaults:2)
  3 ettins
  2 merfolk javelineers (Shoals:4)
  3 fire dragons
  9 great orbs of eyes
  An entropy weaver (Vaults:3)
  5 hydras
  6 yaktaur captains
  An entropy weaver (shapeshifter) (D:15)
  2 ice dragons
  An ogre mage (Orc:2)
  A peacekeeper (Vaults:2)
  8 vault guards
  13 centaur warriors
  2 alligator snapping turtles (Shoals:4)
  7 rakshasas
  3 radroaches
  5 spriggan air magi
  3 merfolk avatars
  A hell beast (Depths:1)
  3 two-headed ogres
  8 ironbound frosthearts
  An anaconda (shapeshifter) (Shoals:1)
  3 catoblepae
  A death knight (D:14)
  14 boulder beetles
  2 jorogumos
  5 deep troll shamans
  3 satyrs
  10 merfolk aquamancers
  4 tengu warriors
  3 spriggan berserkers
  3 death yaks (Lair:5)
  18 demonic crawlers
  5 deep troll earth magi
  4 hell knights (Depths:2)
  Nergalle (Orc:2)
  10 sun demons (Depths:1)
  3 iron trolls (Depths:2)
  6 skysharks
  A spriggan (Depths:1)
  A sun moth (Spider:3)
  6 pharaoh ants
  19 sea snakes
  6 glowing orange brains
  A salamander mystic (Depths:1)
  31 deep trolls
  11 orb spiders
  3 phantasmal warriors
  7 lindwurms
  29 harpies
  7 steelbarb worms
  5 wizards
  5 orc knights
  14 ironbound convokers
  6 necromancers
  38 wolf spiders
  9 orc sorcerers (Orc:2)
  5 salamanders
  A deep elf pyromancer (D:14)
  9 cyclopes
  14 fauns
  27 ugly things
  14 manticores
  2 shining eyes (Depths:1)
  Maurice (D:11)
  4 black mambas
  7 elephants
  13 merfolk sirens
  4 moths of wrath
  12 vault sentinels
  6 water nymphs
  A black mamba (shapeshifter) (D:15)
  An eye of devastation (Depths:1)
  16 cane toads
  3 gargoyles
  A hellion (Depths:1)
  16 torpor snails
  3 rime drakes
  A kobold demonologist (D:14)
  17 komodo dragons
  A tengu conjurer (Depths:2)
  5 freezing wraiths
  32 yaktaurs
  Maggie (D:7)
  8 trolls
  4 meliai
  3 tyrant leeches (Lair:5)
  Prince Ribbit (D:9)
  10 hornets
  31 merfolk
  5 polar bears
  32 blink frogs
  9 wind drakes
  26 dream sheep
  32 tarantellas
  11 snapping turtles
  A frost giant simulacrum (Depths:2)
  A centaur simulacrum (D:14)
  A stone giant simulacrum (Depths:2)
  29 slime creatures
  20 culicivoras
  36 jumping spiders
  2 shadows
  33 water elementals
  37 yaks
  Eustachio (D:6)
  4 wraiths
  7 wyverns
  5 basilisks
  19 humans
  4 hogs (Spider:4)
  A redback simulacrum (D:14)
  3 steam dragons
  68 redbacks
  14 vampire mosquitoes
  A warg (Orc:1)
  19 water moccasins
  5 floating eyes (D:14)
  Duvessa (D:6)
  An acid dragon (D:11)
  5 black bears
  A spriggan simulacrum (Depths:2)
  16 orc warriors
  An ice beast (D:5)
  8 ogres
  A tengu (shapeshifter) (D:15)
  29 wolves
  5 boggarts (Vaults:3)
  3 centaurs
  5 phantoms
  3 kobold brigands
  4 gnoll sergeants
  10 bullfrogs
  A glowing shapeshifter simulacrum (Depths:2)
  2 scorpions
  8 wights
  Dowan (D:6)
  7 howler monkeys
  2 electric eels
  2 hounds
  11 orc priests
  Ijyb (D:4)
  2 sleepcaps
  6 iguanas
  41 orc wizards
  8 mummies (Ossuary)
  Robin (D:3)
  22 gnolls
  14 adders
  A shadow imp (D:5)
  2 white imps (D:5)
  4 worms
  5 dart slugs
  75 orcs
  4 bats
  4 endoplasms
  4 giant cockroaches
  27 goblins
  5 hobgoblins
  11 jackals
  3 quokkas
  6 ball pythons
  7 frilled lizards
  2 hobgoblin zombies (Ossuary)
  22 kobolds
  4 kobold zombies (Ossuary)
  2 orc zombies (Ossuary)
  5 rats
  7 tentacles
1625 creatures vanquished.

Vanquished Creatures (others)
  A merfolk aquamancer (Shoals:2)
  A golden dragon simulacrum (Depths:2)
  A water elemental (Shoals:2)
  An orc wizard (Orc:2)
  An orc (Orc:2)
  3 tentacles (Shoals:1)
8 creatures vanquished.

Grand Total: 1633 creatures vanquished

Notes
Turn   | Place    | Note
-------+----------+-------------------------------------------
     0 | D:1      | qw the Gargoyle Fighter began the quest for the Orb.
     0 | D:1      | Reached XP level 1. HP: 14/14 MP: 1/1
     0 | D:1      | 0 ||| qw: Version: 0.3-a-7-ge0c9b40
     0 | D:1      | 0 ||| qw: Game counter: 735
     0 | D:1      | 0 ||| qw: Always use a shield: true
     0 | D:1      | 0 ||| qw: God list: Okawaru
     0 | D:1      | 0 ||| qw: Allow faded altars: false
     0 | D:1      | 0 ||| qw: Do Orc after D:15 true
     0 | D:1      | 0 ||| qw: Do second Lair branch before Depths: true
     0 | D:1      | 0 ||| qw: Lair rune preference: random
     0 | D:1      | 0 ||| qw: Plans: Normal, Zot:1-4, Slime:5, God:TSO, Crypt,
                  | Tomb, Abyss, Pan, Hells, Win
     0 | D:1      | 0 ||| PLANNING D:1-11
    21 | D:1      | HP: 3/14 [frozen (4)]
   259 | D:1      | Reached XP level 2. HP: 19/19 MP: 2/2
   317 | D:1      | 317 ||| Stepping ~*~*~tactically~*~*~ (stealth).
   387 | D:1      | 387 ||| Stepping ~*~*~tactically~*~*~ (stealth).
   388 | D:1      | 388 ||| Stepping ~*~*~tactically~*~*~ (stealth).
   401 | D:1      | 401 ||| Stepping ~*~*~tactically~*~*~ (stealth).
   402 | D:1      | 402 ||| Stepping ~*~*~tactically~*~*~ (stealth).
   773 | D:1      | Reached skill level 3 in Axes
   802 | D:1      | 802 ||| READING scroll labelled OGETIOGO ZAMM.
   803 | D:1      | 803 ||| READING scroll labelled WEMOIF NACU.
   804 | D:1      | 804 ||| DRINKING 2 smoky inky potions.
   849 | D:2      | Reached XP level 3. HP: 22/23 MP: 3/3
   858 | D:2      | 858 ||| Stepping ~*~*~tactically~*~*~ (hiding).
   859 | D:2      | 859 ||| Stepping ~*~*~tactically~*~*~ (hiding).
   861 | D:2      | 861 ||| Stepping ~*~*~tactically~*~*~ (hiding).
   862 | D:2      | 862 ||| Stepping ~*~*~tactically~*~*~ (hiding).
   944 | D:2      | 944 ||| Stepping ~*~*~tactically~*~*~ (hiding).
   960 | D:2      | Reached skill level 1 in Throwing
  1133 | D:2      | 1133 ||| Stepping ~*~*~tactically~*~*~ (hiding).
  1141 | D:2      | Reached XP level 4. HP: 24/28 MP: 4/4
  1165 | D:2      | Identified the +0 pair of boots of the Cicada {rPois Slay+5
                  | SInv Stlth-}
  1865 | D:2      | 1865 ||| UPGRADING to +0 pair of boots of the Cicada {rPois
                  | Slay+5 SInv Stlth-}.
  1870 | D:2      | 1870 ||| READING scroll labelled RIMAOM QIKEAR.
  1871 | D:2      | 1871 ||| READING scroll labelled LENYUSEKKE.
  1872 | D:2      | 1872 ||| READING scroll labelled QAPRUD NASUKHU.
  1918 | D:3      | Reached XP level 5. HP: 18/32 MP: 5/5
  2186 | D:3      | 2186 ||| Stepping ~*~*~tactically~*~*~ (hiding).
  2345 | D:3      | Reached XP level 6. HP: 37/38 MP: 6/6
  2380 | D:3      | Found an ornate altar of the Wu Jian Council.
  2576 | D:3      | Noticed Robin
  2585 | D:3      | Killed Robin
  2586 | D:3      | Reached skill level 1 in Dodging
  2675 | D:3      | 2675 ||| UPGRADING to +2 helmet.
  2680 | D:3      | 2680 ||| UPGRADING to amulet of guardian spirit.
  2685 | D:3      | 2685 ||| UPGRADING to +5 ring of evasion.
  2686 | D:3      | 2686 ||| READING scroll labelled SAEHOS POMEHU.
  2687 | D:3      | 2687 ||| READING scroll labelled MUOPTATAEN.
  2688 | D:3      | 2688 ||| READING scroll labelled YMMOFR YDWYCEA.
  2689 | D:3      | 2689 ||| READING scroll labelled BUNULIHEGE.
  2786 | D:4      | Identified the +3 leather armour of Indecent Exposure
                  | {-Tele rC+ Dex+3}
  2895 | D:4      | Reached skill level 6 in Axes
  2895 | D:4      | Reached XP level 7. HP: 21/43 MP: 2/7
  2980 | D:4      | Noticed Ijyb
  2981 | D:4      | 2981 ||| Stepping ~*~*~tactically~*~*~ (hiding).
  2984 | D:4      | 2984 ||| Stepping ~*~*~tactically~*~*~ (hiding).
  2985 | D:4      | 2985 ||| Stepping ~*~*~tactically~*~*~ (hiding).
  2986 | D:4      | 2986 ||| Stepping ~*~*~tactically~*~*~ (hiding).
  2987 | D:4      | 2987 ||| Stepping ~*~*~tactically~*~*~ (hiding).
  2992 | D:4      | Killed Ijyb
  3099 | D:4      | 3099 ||| Stepping ~*~*~tactically~*~*~ (hiding).
  3119 | D:4      | 3119 ||| READING scroll of enchant weapon.
  3119 | D:4      | 3119 ||| ENCHANTING +1 war axe.
  3231 | D:4      | 3231 ||| Stepping ~*~*~tactically~*~*~ (stealth).
  3460 | D:4      | 3460 ||| READING scroll of enchant weapon.
  3460 | D:4      | 3460 ||| ENCHANTING +2 war axe.
  3485 | D:4      | Reached XP level 8. HP: 49/49 MP: 8/8
  3760 | D:4      | Found Dadocoul's Tremendous Tomes.
  3768 | D:4      | 3768 ||| UPGRADING to +0 chain mail.
  3778 | D:4      | 3778 ||| DROPPING +0 scale mail.
  3779 | D:4      | 3779 ||| DROPPING ring of wizardry.
  3780 | D:4      | 3780 ||| READING 2 scrolls labelled FAGHIO QIMEYC.
  3785 | D:4      | 3785 ||| READING scroll labelled OZXAERGHEIX.
  3786 | D:4      | 3786 ||| READING scroll labelled HOFRUTHR FITZAI.
  3787 | D:4      | 3787 ||| DRINKING 2 puce potions.
  3835 | D:5      | Entered Level 5 of the Dungeon
  3868 | D:5      | 3868 ||| Stepping ~*~*~tactically~*~*~ (hiding).
  4030 | D:5      | 4030 ||| Stepping ~*~*~tactically~*~*~ (stealth).
  4032 | D:5      | 4032 ||| Stepping ~*~*~tactically~*~*~ (stealth).
  4049 | D:5      | 4049 ||| Stepping ~*~*~tactically~*~*~ (hiding).
  4116 | D:5      | 4116 ||| Stepping ~*~*~tactically~*~*~ (stealth).
  4148 | D:5      | 4148 ||| Stepping ~*~*~tactically~*~*~ (stealth).
  4150 | D:5      | 4150 ||| Stepping ~*~*~tactically~*~*~ (stealth).
  4173 | D:5      | 4173 ||| FLEEEEING.
  4176 | D:5      | 4176 ||| FLEEEEING.
  4177 | D:5      | 4177 ||| FLEEEEING.
  4180 | D:5      | 4180 ||| FLEEEEING.
  4181 | D:5      | 4181 ||| FLEEEEING.
  4182 | D:5      | 4182 ||| FLEEEEING.
  4183 | D:5      | 4183 ||| FLEEEEING.
  4184 | D:5      | 4184 ||| FLEEEEING.
  4185 | D:5      | 4185 ||| FLEEEEING.
  4186 | D:5      | 4186 ||| FLEEEEING.
  4187 | D:5      | 4187 ||| FLEEEEING.
  4188 | D:5      | 4188 ||| FLEEEEING.
  4189 | D:5      | 4189 ||| FLEEEEING.
  4190 | D:5      | 4190 ||| FLEEEEING.
  4191 | D:5      | 4191 ||| FLEEEEING.
  4192 | D:5      | 4192 ||| FLEEEEING.
  4193 | D:5      | 4193 ||| FLEEEEING.
  4194 | D:5      | 4194 ||| FLEEEEING.
  4195 | D:5      | 4195 ||| FLEEEEING.
  4196 | D:5      | 4196 ||| FLEEEEING.
  4197 | D:5      | 4197 ||| FLEEEEING.
  4198 | D:5      | 4198 ||| FLEEEEING.
  4199 | D:5      | 4199 ||| FLEEEEING.
  4200 | D:5      | 4200 ||| FLEEEEING.
  4201 | D:5      | 4201 ||| FLEEEEING.
  4202 | D:5      | 4202 ||| FLEEEEING.
  4203 | D:5      | 4203 ||| FLEEEEING.
  4204 | D:5      | 4204 ||| FLEEEEING.
  4205 | D:5      | 4205 ||| FLEEEEING.
  4217 | D:5      | Reached skill level 6 in Fighting
  4240 | D:5      | Found a shadowy altar of Dithmenos.
  4506 | D:5      | 4506 ||| DRINKING 2 white potions.
  4506 | D:5      | Gained mutation: You are frail. (-10% HP) [potion of
                  | mutation]
  4506 | D:5      | Gained mutation: You are partially covered in iridescent
                  | scales. (AC +2) [potion of mutation]
  4507 | D:5      | 4507 ||| DRINKING potion of mutation.
  4507 | D:5      | Lost mutation: You are partially covered in iridescent
                  | scales. (AC +2) [potion of mutation]
  4507 | D:5      | Lost mutation: You are frail. (-10% HP) [potion of
                  | mutation]
  4507 | D:5      | Gained mutation: You sometimes lose your temper in combat.
                  | [potion of mutation]
  4507 | D:5      | Gained mutation: You are agile. (Dex +4, Str/Int -1)
                  | [potion of mutation]
  4527 | D:5      | 4527 ||| DRINKING 3 lumpy cyan potions.
  4528 | D:5      | 4528 ||| DRINKING 2 yellow potions.
  4529 | D:5      | 4529 ||| DRINKING 2 metallic pink potions.
  4530 | D:5      | 4530 ||| DROPPING 2 potions of invisibility.
  4531 | D:5      | 4531 ||| DROPPING potion of degeneration.
  4556 | D:6      | Noticed Duvessa
  4557 | D:6      | 4557 ||| Stepping ~*~*~tactically~*~*~ (stealth).
  4560 | D:6      | Noticed Dowan
  4565 | D:6      | Killed Duvessa
  4569 | D:6      | Killed Dowan
  4570 | D:6      | Reached XP level 9. HP: 55/55 MP: 9/9
  4727 | D:6      | Found a runed translucent gate.
  4727 | D:6      | Found a runed translucent gate.
  4727 | D:6      | Found a runed translucent gate.
  4731 | D:6      | Noticed qw's ghost (novice MiHu)
  4763 | D:6      | Reached skill level 9 in Axes
  4764 | D:6      | Found a hide-covered altar of Uskayaw.
  4838 | D:6      | 4838 ||| Stepping ~*~*~tactically~*~*~ (hiding).
  4840 | D:6      | 4840 ||| Stepping ~*~*~tactically~*~*~ (hiding).
  4846 | D:6      | 4846 ||| Stepping ~*~*~tactically~*~*~ (hiding).
  4852 | D:6      | Reached skill level 4 in Shields
  4860 | D:6      | 4860 ||| Stepping ~*~*~tactically~*~*~ (stealth).
  5002 | D:6      | Noticed Eustachio
  5041 | D:6      | Killed Eustachio
  5136 | D:6      | 5136 ||| Stepping ~*~*~tactically~*~*~ (stealth).
  5194 | D:6      | 5194 ||| READING scroll labelled NUISYA ROECK.
  5206 | D:7      | 5206 ||| PLANNING OSSUARY
  5255 | D:7      | 5255 ||| Stepping ~*~*~tactically~*~*~ (hiding).
  5257 | D:7      | 5257 ||| Stepping ~*~*~tactically~*~*~ (hiding).
  5293 | D:7      | 5293 ||| Stepping ~*~*~tactically~*~*~ (stealth).
  5301 | D:7      | 5301 ||| Stepping ~*~*~tactically~*~*~ (stealth).
  5304 | D:7      | 5304 ||| FLEEEEING.
  5320 | D:7      | 5320 ||| FLEEEEING.
  5322 | D:7      | 5322 ||| FLEEEEING.
  5370 | D:7      | Found a staircase to the Ecumenical Temple.
  5418 | D:7      | Found a basalt altar of Yredelemnul.
  5489 | D:7      | Found a sand-covered staircase.
  5490 | D:7      | 5490 ||| DROPPING +3 leather armour of Indecent Exposure
                  | {-Tele rC+ Dex+3}.
  5491 | D:7      | 5491 ||| DROPPING +0 scale mail of cold resistance.
  5492 | D:7      | 5492 ||| UPGRADING to +0 plate armour.
  5502 | D:7      | 5502 ||| DROPPING +0 chain mail.
  5503 | D:7      | 5503 ||| READING scroll of enchant armour.
  5503 | D:7      | 5503 ||| ENCHANTING +0 plate armour.
  5504 | D:7      | 5504 ||| UPGRADING to ring of positive energy.
  5511 | Ossuary  | Entered an ossuary
  5645 | Ossuary  | 5645 ||| READING scroll of enchant weapon.
  5645 | Ossuary  | 5645 ||| ENCHANTING +3 war axe.
  5648 | Ossuary  | 5648 ||| DRINKING potion of mutation.
  5648 | Ossuary  | Lost mutation: You are agile. (Dex +4, Str/Int -1) [potion
                  | of mutation]
  5648 | Ossuary  | Lost mutation: You sometimes lose your temper in combat.
                  | [potion of mutation]
  5648 | Ossuary  | Gained mutation: Your muscles are strong. (Str +4, Int/Dex
                  | -1) [potion of mutation]
  5648 | Ossuary  | Gained mutation: You are agile. (Dex +4, Str/Int -1)
                  | [potion of mutation]
  5648 | Ossuary  | Gained mutation: You occasionally lose the ability to read
                  | scrolls when taking damage. [potion of mutation]
  5656 | Ossuary  | 5656 ||| READING scroll of enchant armour.
  5656 | Ossuary  | 5656 ||| ENCHANTING +1 plate armour.
  5663 | Ossuary  | 5663 ||| READING scroll of enchant armour.
  5663 | Ossuary  | 5663 ||| ENCHANTING +2 plate armour.
  5732 | Ossuary  | 5732 ||| READING scroll labelled LEHAIQ APPUNG.
  5732 | Ossuary  | Identified a scroll of acquirement
  5732 | Ossuary  | 5732 ||| ACQUIRING 718 gold pieces
  5732 | Ossuary  | Acquired 718 gold pieces
  5734 | Ossuary  | 5734 ||| DRINKING 2 coppery potions.
  5735 | Ossuary  | 5735 ||| DRINKING 3 smoky brown potions.
  5839 | Ossuary  | 5839 ||| DROPPING 2 potions of berserk rage.
  5860 | D:7      | 5860 ||| PLANNING TEMPLE
  5895 | Temple   | Entered the Ecumenical Temple
  6084 | Temple   | 6084 ||| PLANNING OKAWARU WORSHIP
  6135 | Temple   | Became a worshipper of Warmaster Okawaru
  6136 | Temple   | 6136 ||| PLANNING D:1-11
  6136 | Temple   | 6136 ||| REMOVING amulet of guardian spirit.
  6217 | D:7      | Reached skill level 6 in Armour
  6354 | D:7      | 6354 ||| READING scroll of enchant weapon.
  6354 | D:7      | 6354 ||| ENCHANTING +4 war axe.
  6496 | D:7      | Noticed Maggie
  6497 | D:7      | 6497 ||| Stepping ~*~*~tactically~*~*~ (hiding).
  6499 | D:7      | 6499 ||| Stepping ~*~*~tactically~*~*~ (hiding).
  6510 | D:7      | Killed Maggie
  6511 | D:7      | Reached XP level 10. HP: 51/63 MP: 10/10
  6697 | D:8      | 6697 ||| DROPPING +0 mace.
  6838 | D:8      | Identified the ring of the Exiled Mouths {Wiz rN+ Str+2
                  | Dex-4}
  6902 | D:8      | 6902 ||| Stepping ~*~*~tactically~*~*~ (stealth).
  6903 | D:8      | 6903 ||| Stepping ~*~*~tactically~*~*~ (stealth).
  6911 | D:8      | Reached * piety under Okawaru
  6916 | D:8      | Reached skill level 1 in Invocations
  6948 | D:8      | 6948 ||| Stepping ~*~*~tactically~*~*~ (hiding).
  7056 | D:8      | 7056 ||| READING scroll of acquirement.
  7056 | D:8      | 7056 ||| ACQUIRING +0 broad axe of venom
  7056 | D:8      | Acquired a +0 broad axe of venom
  7058 | D:8      | 7058 ||| SWAPPING to +0 broad axe of venom.
  7059 | D:8      | 7059 ||| DROPPING +5 war axe.
  7082 | D:8      | 7082 ||| Stepping ~*~*~tactically~*~*~ (hiding).
  7083 | D:8      | 7083 ||| Stepping ~*~*~tactically~*~*~ (hiding).
  7267 | D:8      | 7267 ||| INVOKING Heroism.
  7441 | D:8      | 7441 ||| UPGRADING to ring of the Exiled Mouths {Wiz rN+
                  | Str+2 Dex-4}.
  7443 | D:8      | 7443 ||| DROPPING ring of positive energy.
  7444 | D:8      | 7444 ||| READING scroll labelled OCAOTA ZANIEGI.
  7445 | D:8      | 7445 ||| DRINKING 2 fuming cyan potions.
  7475 | D:9      | Reached skill level 5 in Shields
  7475 | D:9      | Reached skill level 3 in Invocations
  7514 | D:9      | 7514 ||| INVOKING Heroism.
  7527 | D:9      | 7527 ||| FLEEEEING.
  7528 | D:9      | 7528 ||| FLEEEEING.
  7529 | D:9      | 7529 ||| FLEEEEING.
  7530 | D:9      | 7530 ||| FLEEEEING.
  7534 | D:9      | 7534 ||| FLEEEEING.
  7535 | D:9      | 7535 ||| FLEEEEING.
  7536 | D:9      | 7536 ||| FLEEEEING.
  7540 | D:9      | 7540 ||| STAIRDANCE
  7574 | D:9      | 7574 ||| STAIRDANCE
  7578 | D:8      | Reached ** piety under Okawaru
  7813 | D:9      | Found a staircase to the Lair.
  7827 | D:9      | 7827 ||| Stepping ~*~*~tactically~*~*~ (hiding).
  7920 | D:9      | Found a runed translucent door.
  7922 | D:9      | Noticed a sixfirhy
  7998 | D:9      | Found Teffocyz's Antique Armour Shoppe.
  8003 | D:9      | 8003 ||| BUYING faintly humming chain mail (285 gold).
  8003 | D:9      | Bought a faintly humming chain mail for 285 gold pieces
  8003 | D:9      | Identified the +2 chain mail of Ennui {rF- Str+2 Dex+2
                  | SInv} (You bought it in a shop on level 9 of the Dungeon)
  8003 | D:9      | 8003 ||| BUYING pair of gloves (135 gold).
  8003 | D:9      | Bought a pair of gloves for 135 gold pieces
  8003 | D:9      | 8003 ||| BUYING shiny orb (360 gold).
  8003 | D:9      | Bought a shiny orb for 360 gold pieces
  8017 | D:9      | Found a flagged portal.
  8088 | D:9      | Noticed Prince Ribbit
  8095 | D:9      | Killed Prince Ribbit
  8468 | D:9      | 8468 ||| UPGRADING to +0 pair of gloves.
  8473 | D:9      | 8473 ||| PLANNING LAIR
  8473 | D:9      | 8473 ||| DROPPING orb of energy.
  8474 | D:9      | 8474 ||| UPGRADING to ring of resist corrosion.
  8476 | D:9      | 8476 ||| UPGRADING to ring of willpower.
  8478 | D:9      | 8478 ||| READING 2 scrolls of identify.
  8478 | D:9      | 8478 ||| IDENTIFYING metallic white potion
  8518 | Lair:1   | Entered Level 1 of the Lair of Beasts
  8518 | Lair:1   | Found a hide-covered altar of Uskayaw.
  8522 | Lair:1   | 8522 ||| STAIRDANCE
  8530 | D:9      | Reached XP level 11. HP: 50/68 MP: 14/14
  8666 | Lair:1   | 8666 ||| INVOKING Heroism.
  8685 | Lair:1   | Reached skill level 9 in Fighting
  8686 | Lair:1   | 8686 ||| INVOKING Heroism.
  8690 | Lair:1   | Reached *** piety under Okawaru
  8723 | Lair:1   | 8723 ||| INVOKING Heroism.
  8760 | Lair:1   | 8760 ||| Stepping ~*~*~tactically~*~*~ (stealth).
  8762 | Lair:1   | 8762 ||| Stepping ~*~*~tactically~*~*~ (stealth).
  8788 | Lair:1   | 8788 ||| INVOKING Heroism.
  8789 | Lair:1   | 8789 ||| Stepping ~*~*~tactically~*~*~ (stealth).
  8797 | Lair:1   | Reached skill level 12 in Axes
  8815 | Lair:1   | 8815 ||| INVOKING Heroism.
  8915 | Lair:1   | 8915 ||| INVOKING Heroism.
  8979 | Lair:1   | 8979 ||| INVOKING Heroism.
  8996 | Lair:1   | Reached skill level 9 in Armour
  9001 | Lair:1   | Reached skill level 6 in Shields
  9007 | Lair:1   | Reached **** piety under Okawaru
  9273 | Lair:1   | 9273 ||| INVOKING Heroism.
  9389 | Lair:1   | 9389 ||| UPGRADING to ring of protection from fire.
  9391 | Lair:1   | 9391 ||| READING 2 scrolls of identify.
  9391 | Lair:1   | 9391 ||| IDENTIFYING cyan potion
  9392 | Lair:1   | 9392 ||| DROPPING potion of brilliance.
  9433 | Lair:2   | 9433 ||| Stepping ~*~*~tactically~*~*~ (stealth).
  9434 | Lair:2   | 9434 ||| INVOKING Heroism.
  9459 | Lair:2   | 9459 ||| FLEEEEING.
  9460 | Lair:2   | 9460 ||| FLEEEEING.
  9467 | Lair:2   | 9467 ||| STAIRDANCE
  9499 | Lair:2   | 9499 ||| INVOKING Heroism.
  9518 | Lair:2   | Found a hole to the Spider Nest.
  9530 | Lair:2   | 9530 ||| INVOKING Heroism.
  9563 | Lair:2   | 9563 ||| INVOKING Heroism.
  9571 | Lair:2   | Reached XP level 12. HP: 72/77 MP: 13/15
  9685 | Lair:2   | 9685 ||| INVOKING Heroism.
  9774 | Lair:2   | 9774 ||| INVOKING Heroism.
  9810 | Lair:2   | Noticed a catoblepas
  9811 | Lair:2   | 9811 ||| INVOKING Heroism.
  9826 | Lair:2   | Killed a catoblepas
 10229 | Lair:2   | Identified the +6 rapier of Nice Duty {freeze, rElec rC+}
 10250 | Lair:2   | Reached skill level 6 in Invocations
 10480 | Lair:3   | 10480 ||| READING scroll of enchant armour.
 10480 | Lair:3   | 10480 ||| ENCHANTING +0 pair of gloves.
 10482 | Lair:3   | 10482 ||| INVOKING Heroism.
 10487 | Lair:3   | Received a gift from Okawaru
 10497 | Lair:3   | Found a staircase to the Shoals.
 10521 | Lair:3   | Noticed a skyshark
 10529 | Lair:3   | Killed a skyshark
 10529 | Lair:3   | Reached ***** piety under Okawaru
 10530 | Lair:3   | Reached skill level 3 in Dodging
 10562 | Lair:3   | 10562 ||| INVOKING Heroism.
 10693 | Lair:3   | 10693 ||| INVOKING Heroism.
 10712 | Lair:3   | Noticed a four-headed hydra
 10713 | Lair:3   | 10713 ||| INVOKING Finesse.
 10720 | Lair:3   | Killed a four-headed hydra
 10824 | Lair:3   | 10824 ||| INVOKING Heroism.
 10861 | Lair:3   | 10861 ||| INVOKING Heroism.
 10862 | Lair:3   | 10862 ||| Stepping ~*~*~tactically~*~*~ (stealth).
 10874 | Lair:3   | Reached XP level 13. HP: 78/82 MP: 17/19
 10889 | Lair:3   | Reached skill level 9 in Invocations
 11282 | Lair:3   | 11282 ||| UPGRADING to amulet of reflection.
 11287 | Lair:3   | 11287 ||| DROPPING amulet of guardian spirit.
 11288 | Lair:3   | 11288 ||| READING 3 scrolls of identify.
 11288 | Lair:3   | 11288 ||| IDENTIFYING lumpy inky potion
 11289 | Lair:3   | 11289 ||| READING 2 scrolls of identify.
 11289 | Lair:3   | 11289 ||| IDENTIFYING inky potion
 11395 | Lair:4   | 11395 ||| Stepping ~*~*~tactically~*~*~ (stealth).
 11396 | Lair:4   | 11396 ||| Stepping ~*~*~tactically~*~*~ (stealth).
 11398 | Lair:4   | 11398 ||| INVOKING Heroism.
 11413 | Lair:4   | Found a staircase to the Slime Pits.
 11455 | Lair:4   | 11455 ||| Stepping ~*~*~tactically~*~*~ (stealth).
 11457 | Lair:4   | 11457 ||| Stepping ~*~*~tactically~*~*~ (stealth).
 11459 | Lair:4   | 11459 ||| INVOKING Heroism.
 11529 | Lair:4   | 11529 ||| Stepping ~*~*~tactically~*~*~ (stealth).
 11530 | Lair:4   | 11530 ||| Stepping ~*~*~tactically~*~*~ (stealth).
 11535 | Lair:4   | 11535 ||| INVOKING Heroism.
 11700 | Lair:4   | 11700 ||| INVOKING Heroism.
 11744 | Lair:4   | 11744 ||| INVOKING Heroism.
 11754 | Lair:4   | 11754 ||| Stepping ~*~*~tactically~*~*~ (stealth).
 11766 | Lair:4   | Received a gift from Okawaru
 11786 | Lair:4   | 11786 ||| Stepping ~*~*~tactically~*~*~ (stealth).
 11805 | Lair:4   | Received a gift from Okawaru
 11833 | Lair:4   | 11833 ||| READING scroll of enchant armour.
 11833 | Lair:4   | 11833 ||| ENCHANTING +1 pair of gloves.
 11890 | Lair:4   | 11890 ||| Stepping ~*~*~tactically~*~*~ (hiding).
 11896 | Lair:4   | 11896 ||| INVOKING Heroism.
 11907 | Lair:4   | Received a gift from Okawaru
 11976 | Lair:4   | 11976 ||| Stepping ~*~*~tactically~*~*~ (stealth).
 11978 | Lair:4   | 11978 ||| Stepping ~*~*~tactically~*~*~ (stealth).
 11980 | Lair:4   | 11980 ||| INVOKING Heroism.
 11992 | Lair:4   | Reached skill level 3 in Throwing
 12107 | Lair:4   | 12107 ||| Stepping ~*~*~tactically~*~*~ (stealth).
 12109 | Lair:4   | 12109 ||| Stepping ~*~*~tactically~*~*~ (stealth).
 12250 | Lair:4   | 12250 ||| INVOKING Heroism.
 12486 | Lair:4   | 12486 ||| Stepping ~*~*~tactically~*~*~ (stealth).
 12525 | Lair:4   | 12525 ||| READING 3 scrolls of identify.
 12525 | Lair:4   | 12525 ||| IDENTIFYING sedimented white potion
 12526 | Lair:4   | 12526 ||| DROPPING potion of ambrosia.
 12547 | Lair:4   | 12547 ||| INVOKING Heroism.
 12553 | Lair:4   | 12553 ||| Stepping ~*~*~tactically~*~*~ (stealth).
 12568 | Lair:5   | Entered Level 5 of the Lair of Beasts
 12592 | Lair:5   | 12592 ||| Stepping ~*~*~tactically~*~*~ (stealth).
 12595 | Lair:5   | 12595 ||| Stepping ~*~*~tactically~*~*~ (stealth).
 12596 | Lair:5   | 12596 ||| INVOKING Finesse.
 12598 | Lair:5   | 12598 ||| SWAPPING to +0 flail.
 12607 | Lair:5   | 12607 ||| SWAPPING to +0 broad axe of venom.
 12643 | Lair:5   | Reached skill level 7 in Shields
 12654 | Lair:5   | Found a glowing silver altar of Zin.
 12676 | Lair:5   | 12676 ||| INVOKING Heroism.
 12759 | Lair:5   | Received a gift from Okawaru
 12903 | Lair:5   | 12903 ||| Stepping ~*~*~tactically~*~*~ (stealth).
 12904 | Lair:5   | 12904 ||| INVOKING Heroism.
 12980 | Lair:5   | Gained mutation: Your large and strong wings let you fly.
                  | [Gargoyle growth]
 12980 | Lair:5   | Reached XP level 14. HP: 90/90 MP: 21/21
 12987 | Lair:5   | 12987 ||| Stepping ~*~*~tactically~*~*~ (stealth).
 12988 | Lair:5   | 12988 ||| Stepping ~*~*~tactically~*~*~ (stealth).
 12989 | Lair:5   | 12989 ||| Stepping ~*~*~tactically~*~*~ (stealth).
 12990 | Lair:5   | 12990 ||| Stepping ~*~*~tactically~*~*~ (stealth).
 13081 | Lair:5   | 13081 ||| READING scroll of enchant armour.
 13081 | Lair:5   | 13081 ||| ENCHANTING +3 plate armour.
 13093 | Lair:5   | Noticed Rupert
 13094 | Lair:5   | 13094 ||| Stepping ~*~*~tactically~*~*~ (stealth).
 13095 | Lair:5   | Noticed Nessos
 13096 | Lair:5   | 13096 ||| Stepping ~*~*~tactically~*~*~ (hiding).
 13097 | Lair:5   | 13097 ||| Stepping ~*~*~tactically~*~*~ (stealth).
 13098 | Lair:5   | 13098 ||| INVOKING Finesse.
 13099 | Lair:5   | 13099 ||| INVOKING Heroism.
 13107 | Lair:5   | Killed Nessos
 13114 | Lair:5   | Killed Rupert
 13127 | Lair:5   | 13127 ||| Stepping ~*~*~tactically~*~*~ (stealth).
 13161 | Lair:5   | Received a gift from Okawaru
 13178 | Lair:5   | 13178 ||| Stepping ~*~*~tactically~*~*~ (stealth).
 13180 | Lair:5   | 13180 ||| Stepping ~*~*~tactically~*~*~ (hiding).
 13183 | Lair:5   | 13183 ||| Stepping ~*~*~tactically~*~*~ (hiding).
 13190 | Lair:5   | Reached skill level 15 in Axes
 13190 | Lair:5   | 13190 ||| INVOKING Heroism.
 13586 | Lair:5   | 13586 ||| Stepping ~*~*~tactically~*~*~ (hiding).
 13588 | Lair:5   | 13588 ||| Stepping ~*~*~tactically~*~*~ (hiding).
 13644 | Lair:5   | Noticed a dire elephant
 13645 | Lair:5   | 13645 ||| INVOKING Heroism.
 13648 | Lair:5   | 13648 ||| Stepping ~*~*~tactically~*~*~ (hiding).
 13657 | Lair:5   | Killed a dire elephant
 13720 | Lair:5   | 13720 ||| INVOKING Heroism.
 13724 | Lair:5   | 13724 ||| Stepping ~*~*~tactically~*~*~ (stealth).
 13777 | Lair:5   | 13777 ||| Stepping ~*~*~tactically~*~*~ (hiding).
 13787 | Lair:5   | 13787 ||| FLEEEEING.
 13788 | Lair:5   | 13788 ||| FLEEEEING.
 13789 | Lair:5   | 13789 ||| FLEEEEING.
 13793 | Lair:5   | 13793 ||| FLEEEEING.
 13794 | Lair:5   | 13794 ||| FLEEEEING.
 13795 | Lair:5   | 13795 ||| FLEEEEING.
 13796 | Lair:5   | 13796 ||| FLEEEEING.
 13797 | Lair:5   | 13797 ||| FLEEEEING.
 13798 | Lair:5   | 13798 ||| FLEEEEING.
 13865 | Lair:5   | 13865 ||| Stepping ~*~*~tactically~*~*~ (hiding).
 13868 | Lair:5   | 13868 ||| INVOKING Heroism.
 13874 | Lair:5   | Reached skill level 12 in Fighting
 13984 | Lair:5   | Found a runed translucent door.
 13986 | Lair:5   | 13986 ||| INVOKING Heroism.
 14042 | Lair:5   | 14042 ||| INVOKING Heroism.
 14051 | Lair:5   | HP: 22/92 [torpor snail (12)]
 14052 | Lair:5   | 14052 ||| READING 6 scrolls of teleportation.
 14053 | Lair:5   | 14053 ||| DRINKING 3 potions of heal wounds.
 14332 | Lair:5   | 14332 ||| INVOKING Heroism.
 14351 | Lair:5   | 14351 ||| Stepping ~*~*~tactically~*~*~ (stealth).
 14538 | Lair:5   | 14538 ||| DROPPING +2 chain mail of Ennui {rF- Str+2 Dex+2
                  | SInv}.
 14539 | Lair:5   | 14539 ||| PLANNING D:1-11
 14651 | D:10     | Entered Level 10 of the Dungeon
 14726 | D:10     | Found a radiant altar of Vehumet.
 14913 | D:10     | 14913 ||| Stepping ~*~*~tactically~*~*~ (hiding).
 14928 | D:10     | 14928 ||| DRINKING 3 potions of curing.
 14928 | D:10     | 14928 ||| (to cure confusion)
 15218 | D:10     | Found a glowing silver altar of Zin.
 15218 | D:10     | Found a bloodstained altar of Trog.
 15571 | D:11     | 15571 ||| Stepping ~*~*~tactically~*~*~ (hiding).
 15591 | D:11     | 15591 ||| Stepping ~*~*~tactically~*~*~ (hiding).
 15607 | D:11     | Noticed Gastronok
 15611 | D:11     | 15611 ||| INVOKING Heroism.
 15628 | D:11     | Killed Gastronok
 15628 | D:11     | Received a gift from Okawaru
 15814 | D:11     | 15814 ||| Stepping ~*~*~tactically~*~*~ (stealth).
 15854 | D:11     | Found a staircase to the Orcish Mines.
 15898 | D:11     | Noticed Maurice
 15899 | D:11     | 15899 ||| Stepping ~*~*~tactically~*~*~ (hiding).
 15916 | D:11     | 15916 ||| FLEEEEING.
 15917 | D:11     | 15917 ||| FLEEEEING.
 15918 | D:11     | 15918 ||| FLEEEEING.
 15919 | D:11     | 15919 ||| INVOKING Heroism.
 15921 | D:11     | Killed Maurice
 16012 | D:11     | 16012 ||| Stepping ~*~*~tactically~*~*~ (hiding).
 16137 | D:11     | 16137 ||| INVOKING Heroism.
 16279 | D:11     | 16279 ||| PLANNING D
 16279 | D:11     | 16279 ||| UPGRADING to +0 cloak.
 16284 | D:11     | 16284 ||| READING scroll labelled LEOJIY EKERGH.
 16309 | D:11     | 16309 ||| DROPPING +0 hand axe.
 16343 | D:12     | 16343 ||| Stepping ~*~*~tactically~*~*~ (stealth).
 16413 | D:12     | Reached XP level 15. HP: 85/96 MP: 22/22
 16500 | D:12     | Reached skill level 6 in Throwing
 16502 | D:12     | 16502 ||| DROPPING +0 flail.
 16509 | D:12     | 16509 ||| Stepping ~*~*~tactically~*~*~ (stealth).
 16534 | D:12     | 16534 ||| INVOKING Heroism.
 16536 | D:12     | 16536 ||| READING 8 scrolls of teleportation.
 16741 | D:12     | 16741 ||| DRINKING potion of mutation.
 16741 | D:12     | Lost mutation: You are agile. (Dex +4, Str/Int -1) [potion
                  | of mutation]
 16741 | D:12     | Lost mutation: You occasionally lose the ability to read
                  | scrolls when taking damage. [potion of mutation]
 16741 | D:12     | Lost mutation: Your muscles are strong. (Str +4, Int/Dex
                  | -1) [potion of mutation]
 16741 | D:12     | Gained mutation: Your muscles are strong. (Str +4, Int/Dex
                  | -1) [potion of mutation]
 16770 | D:12     | You are sucked into a shaft and drop 3 floors!
 16770 | D:15     | Entered Level 15 of the Dungeon
 16802 | D:15     | Found a shimmering blue altar of Sif Muna.
 16855 | D:15     | 16855 ||| Stepping ~*~*~tactically~*~*~ (stealth).
 16867 | D:15     | Reached skill level 8 in Shields
 16878 | D:15     | 16878 ||| INVOKING Heroism.
 16882 | D:15     | Reached skill level 12 in Armour
 17141 | D:15     | Identified Roxanne's Quarto of Metamorphosis
 17141 | D:15     | Noticed Roxanne
 17142 | D:15     | 17142 ||| INVOKING Heroism.
 17143 | D:15     | 17143 ||| INVOKING Finesse.
 17171 | D:15     | Killed Roxanne
 17171 | D:15     | Received a gift from Okawaru
 17213 | D:15     | 17213 ||| Stepping ~*~*~tactically~*~*~ (stealth).
 17219 | D:15     | 17219 ||| Stepping ~*~*~tactically~*~*~ (hiding).
 17237 | D:15     | 17237 ||| INVOKING Heroism.
 17238 | D:15     | 17238 ||| SWAPPING to +1 demon whip of draining.
 17253 | D:15     | 17253 ||| SWAPPING to +0 broad axe of chaos.
 17456 | D:14     | Received a gift from Okawaru
 17504 | D:12     | 17504 ||| Stepping ~*~*~tactically~*~*~ (stealth).
 17509 | D:12     | 17509 ||| Stepping ~*~*~tactically~*~*~ (stealth).
 17516 | D:12     | 17516 ||| Stepping ~*~*~tactically~*~*~ (stealth).
 17524 | D:12     | 17524 ||| INVOKING Heroism.
 17739 | D:13     | 17739 ||| DROPPING +0 heavy flail.
 17892 | D:13     | 17892 ||| Stepping ~*~*~tactically~*~*~ (hiding).
 17894 | D:13     | 17894 ||| Stepping ~*~*~tactically~*~*~ (hiding).
 17895 | D:13     | 17895 ||| Stepping ~*~*~tactically~*~*~ (hiding).
 17898 | D:13     | 17898 ||| Stepping ~*~*~tactically~*~*~ (hiding).
 17920 | D:13     | 17920 ||| Stepping ~*~*~tactically~*~*~ (stealth).
 17933 | D:13     | 17933 ||| INVOKING Heroism.
 17934 | D:13     | 17934 ||| SWAPPING to +1 demon whip of draining.
 17947 | D:13     | 17947 ||| SWAPPING to +0 broad axe of chaos.
 18073 | D:13     | 18073 ||| Stepping ~*~*~tactically~*~*~ (hiding).
 18074 | D:13     | 18074 ||| Stepping ~*~*~tactically~*~*~ (hiding).
 18371 | D:13     | 18371 ||| INVOKING Heroism.
 18375 | D:13     | 18375 ||| SWAPPING to +1 demon whip of draining.
 18381 | D:13     | 18381 ||| SWAPPING to +0 broad axe of chaos.
 18478 | D:13     | 18478 ||| Stepping ~*~*~tactically~*~*~ (hiding).
 18482 | D:13     | 18482 ||| INVOKING Heroism.
 18582 | D:13     | 18582 ||| Stepping ~*~*~tactically~*~*~ (stealth).
 18590 | D:13     | 18590 ||| Stepping ~*~*~tactically~*~*~ (hiding).
 18603 | D:13     | 18603 ||| Stepping ~*~*~tactically~*~*~ (hiding).
 18610 | D:13     | Received a gift from Okawaru
 18685 | D:13     | Found a gate to the Vaults.
 18728 | D:13     | Found the +4 skin of Zhor {*Englaciate rC+++ SInv}
 18950 | D:13     | 18950 ||| DROPPING amulet of regeneration.
 19190 | D:14     | 19190 ||| Stepping ~*~*~tactically~*~*~ (stealth).
 19194 | D:14     | Noticed Snorg
 19205 | D:14     | Killed Snorg
 19251 | D:14     | 19251 ||| Stepping ~*~*~tactically~*~*~ (hiding).
 19293 | D:14     | 19293 ||| INVOKING Heroism.
 19301 | D:14     | Received a gift from Okawaru
 19351 | D:14     | Paralysed by a floating eye for 3 turns
 19358 | D:14     | Paralysed by a floating eye for 4 turns
 19366 | D:14     | Paralysed by a floating eye for 4 turns
 19372 | D:14     | Reached XP level 16. HP: 89/104 MP: 23/23
 19375 | D:14     | 19375 ||| Stepping ~*~*~tactically~*~*~ (hiding).
 19562 | D:14     | 19562 ||| Stepping ~*~*~tactically~*~*~ (stealth).
 19563 | D:14     | 19563 ||| Stepping ~*~*~tactically~*~*~ (stealth).
 19638 | D:14     | 19638 ||| INVOKING Heroism.
 19648 | D:14     | Received a gift from Okawaru
 19652 | D:14     | HP: 17/104 [mirror damage (25)]
 19653 | D:14     | 19653 ||| READING 8 scrolls of teleportation.
 19654 | D:14     | 19654 ||| DRINKING 2 potions of heal wounds.
 20111 | D:15     | 20111 ||| DRINKING 2 potions of curing.
 20111 | D:15     | 20111 ||| (to cure confusion)
 20112 | D:15     | 20112 ||| INVOKING Heroism.
 20114 | D:15     | Paralysed by a great orb of eyes for 3 turns
 20298 | D:15     | 20298 ||| Stepping ~*~*~tactically~*~*~ (hiding).
 20530 | D:15     | 20530 ||| PLANNING ORC
 20583 | D:15     | 20583 ||| PLANNING D
 20584 | D:15     | 20584 ||| PLANNING ORC
 20611 | D:15     | 20611 ||| PLANNING D
 20612 | D:15     | 20612 ||| PLANNING ORC
 20679 | D:15     | 20679 ||| PLANNING D
 20680 | D:15     | 20680 ||| PLANNING ORC
 20720 | D:15     | 20720 ||| PLANNING D
 20721 | D:15     | 20721 ||| PLANNING ORC
 20895 | Orc:1    | Entered Level 1 of the Orcish Mines
 20944 | Orc:1    | 20944 ||| Stepping ~*~*~tactically~*~*~ (hiding).
 20946 | Orc:1    | Found a bloodstained altar of Trog.
 21060 | Orc:1    | Found Jerab's Distillery.
 21068 | Orc:1    | 21068 ||| BUYING 2 potions of lignification (60 gold).
 21068 | Orc:1    | Bought 2 potions of lignification for 60 gold pieces
 21068 | Orc:1    | 21068 ||| BUYING potion of attraction (30 gold).
 21068 | Orc:1    | Bought a potion of attraction for 30 gold pieces
 21068 | Orc:1    | 21068 ||| BUYING potion of curing (30 gold).
 21068 | Orc:1    | Bought a potion of curing for 30 gold pieces
 21068 | Orc:1    | 21068 ||| BUYING potion of curing (30 gold).
 21068 | Orc:1    | Bought a potion of curing for 30 gold pieces
 21068 | Orc:1    | 21068 ||| BUYING potion of curing (30 gold).
 21068 | Orc:1    | Bought a potion of curing for 30 gold pieces
 21068 | Orc:1    | 21068 ||| BUYING potion of haste (100 gold).
 21068 | Orc:1    | Bought a potion of haste for 100 gold pieces
 21068 | Orc:1    | 21068 ||| BUYING potion of haste (100 gold).
 21068 | Orc:1    | Bought a potion of haste for 100 gold pieces
 21068 | Orc:1    | 21068 ||| BUYING potion of heal wounds (50 gold).
 21068 | Orc:1    | Bought a potion of heal wounds for 50 gold pieces
 21068 | Orc:1    | 21068 ||| BUYING potion of resistance (100 gold).
 21068 | Orc:1    | Bought a potion of resistance for 100 gold pieces
 21068 | Orc:1    | 21068 ||| DROPPING +0 war axe.
 21226 | Orc:2    | Entered Level 2 of the Orcish Mines
 21262 | Orc:2    | Found a staircase to the Elven Halls.
 21276 | Orc:1    | 21276 ||| Stepping ~*~*~tactically~*~*~ (stealth).
 21278 | Orc:1    | 21278 ||| Stepping ~*~*~tactically~*~*~ (hiding).
 21279 | Orc:1    | 21279 ||| Stepping ~*~*~tactically~*~*~ (hiding).
 21280 | Orc:1    | 21280 ||| Stepping ~*~*~tactically~*~*~ (hiding).
 21283 | Orc:1    | 21283 ||| Stepping ~*~*~tactically~*~*~ (hiding).
 21614 | Orc:2    | 21614 ||| Stepping ~*~*~tactically~*~*~ (hiding).
 21615 | Orc:2    | 21615 ||| Stepping ~*~*~tactically~*~*~ (hiding).
 21616 | Orc:2    | 21616 ||| Stepping ~*~*~tactically~*~*~ (hiding).
 21714 | Orc:2    | 21714 ||| INVOKING Heroism.
 21723 | Orc:2    | Gained mutation: Your body sometimes deteriorates upon
                  | taking damage. [a neqoxec]
 21737 | Orc:2    | Found Luelyu Xumia's General Store.
 21822 | Orc:2    | 21822 ||| BUYING scroll of identify (26 gold).
 21822 | Orc:2    | Bought a scroll of identify for 26 gold pieces
 21822 | Orc:2    | 21822 ||| BUYING scroll of teleportation (39 gold).
 21822 | Orc:2    | Bought a scroll of teleportation for 39 gold pieces
 22056 | Orc:2    | Paralysed by an orc sorcerer for 4 turns
 22060 | Orc:2    | 22060 ||| INVOKING Heroism.
 22093 | Orc:2    | Found Munurop's Magic Scroll Shop.
 22109 | Orc:2    | 22109 ||| BUYING scroll of brand weapon (133 gold).
 22109 | Orc:2    | Bought a scroll of brand weapon for 133 gold pieces
 22109 | Orc:2    | 22109 ||| BUYING scroll of enchant armour (105 gold).
 22109 | Orc:2    | Bought a scroll of enchant armour for 105 gold pieces
 22109 | Orc:2    | 22109 ||| BUYING scroll of enchant weapon (105 gold).
 22109 | Orc:2    | Bought a scroll of enchant weapon for 105 gold pieces
 22109 | Orc:2    | 22109 ||| BUYING scroll of teleportation (42 gold).
 22109 | Orc:2    | Bought a scroll of teleportation for 42 gold pieces
 22109 | Orc:2    | 22109 ||| READING scroll of brand weapon.
 22109 | Orc:2    | 22109 ||| BRANDING +0 broad axe of chaos.
 22110 | Orc:2    | 22110 ||| DROPPING +6 war axe.
 22111 | Orc:2    | 22111 ||| READING scroll of enchant armour.
 22111 | Orc:2    | 22111 ||| ENCHANTING +0 cloak.
 22112 | Orc:2    | 22112 ||| READING scroll of enchant weapon.
 22112 | Orc:2    | 22112 ||| ENCHANTING +0 broad axe of venom.
 22128 | Orc:2    | Found a radiant altar of Vehumet.
 22129 | Orc:2    | 22129 ||| INVOKING Heroism.
 22138 | Orc:2    | 22138 ||| Stepping ~*~*~tactically~*~*~ (hiding).
 22144 | Orc:2    | Reached skill level 18 in Axes
 22153 | Orc:2    | Received a gift from Okawaru
 22216 | Orc:2    | Noticed Nergalle
 22217 | Orc:2    | 22217 ||| Stepping ~*~*~tactically~*~*~ (hiding).
 22227 | Orc:2    | Killed Nergalle
 22237 | Orc:2    | Found an ancient bone altar of Kikubaaqudgha.
 22238 | Orc:2    | 22238 ||| FLEEEEING.
 22239 | Orc:2    | 22239 ||| FLEEEEING.
 22241 | Orc:2    | 22241 ||| FLEEEEING.
 22242 | Orc:2    | 22242 ||| FLEEEEING.
 22243 | Orc:2    | 22243 ||| FLEEEEING.
 22244 | Orc:2    | 22244 ||| FLEEEEING.
 22245 | Orc:2    | 22245 ||| INVOKING Heroism.
 22297 | Orc:2    | Found Boecoqikk's Jewellery Boutique.
 22304 | Orc:2    | Found Taeczedu's Jewellery Shop.
 22306 | Orc:2    | 22306 ||| BUYING ring "Hocaostre" {Fly rC+ Will+++ Str+2}
                  | (1127 gold).
 22306 | Orc:2    | Bought the ring "Hocaostre" {Fly rC+ Will+++ Str+2} for
                  | 1127 gold pieces
 22306 | Orc:2    | 22306 ||| SHOPLISTING ring of Fuysosed {rC+ rN+} (578 gold,
                  | have 162).
 22306 | Orc:2    | 22306 ||| SHOPLISTING ring of the Octopus King {rF+ HP+2
                  | AC+2 EV+2 SH+2} (1043 gold, have 162).
 22312 | Orc:2    | Found Paureus's Antique Weapon Shop.
 22641 | Orc:2    | 22641 ||| PLANNING SPIDER:1-3
 22641 | Orc:2    | 22641 ||| UPGRADING to ring "Hocaostre" {Fly rC+ Will+++
                  | Str+2}.
 22643 | Orc:2    | 22643 ||| DROPPING ring of the Exiled Mouths {Wiz rN+ Str+2
                  | Dex-4}.
 22644 | Orc:2    | 22644 ||| DROPPING ring of willpower.
 22645 | Orc:2    | 22645 ||| UPGRADING to +5 ring of evasion.
 22773 | Spider:1 | Entered Level 1 of the Spider Nest
 22780 | Spider:1 | 22780 ||| STAIRDANCE
 22785 | Lair:2   | Reached skill level 9 in Shields
 22891 | Spider:1 | 22891 ||| STAIRDANCE
 22893 | Lair:2   | Received a gift from Okawaru
 22896 | Lair:2   | 22896 ||| INVOKING Heroism.
 22986 | Spider:1 | 22986 ||| STAIRDANCE
 23169 | Spider:1 | Identified the staff of Spite {rPois Str+3 Earth}
 23174 | Spider:1 | 23174 ||| FLEEEEING.
 23175 | Spider:1 | 23175 ||| FLEEEEING.
 23176 | Spider:1 | 23176 ||| FLEEEEING.
 23177 | Spider:1 | 23177 ||| FLEEEEING.
 23178 | Spider:1 | 23178 ||| FLEEEEING.
 23179 | Spider:1 | 23179 ||| FLEEEEING.
 23180 | Spider:1 | 23180 ||| FLEEEEING.
 23181 | Spider:1 | 23181 ||| FLEEEEING.
 23182 | Spider:1 | 23182 ||| FLEEEEING.
 23183 | Spider:1 | 23183 ||| FLEEEEING.
 23184 | Spider:1 | 23184 ||| FLEEEEING.
 23185 | Spider:1 | 23185 ||| FLEEEEING.
 23189 | Spider:1 | 23189 ||| FLEEEEING.
 23190 | Spider:1 | 23190 ||| FLEEEEING.
 23191 | Spider:1 | 23191 ||| FLEEEEING.
 23192 | Spider:1 | 23192 ||| FLEEEEING.
 23193 | Spider:1 | 23193 ||| FLEEEEING.
 23194 | Spider:1 | 23194 ||| FLEEEEING.
 23195 | Spider:1 | 23195 ||| FLEEEEING.
 23196 | Spider:1 | 23196 ||| FLEEEEING.
 23297 | Spider:1 | 23297 ||| Stepping ~*~*~tactically~*~*~ (stealth).
 23311 | Spider:1 | Received a gift from Okawaru
 23343 | Spider:1 | 23343 ||| INVOKING Finesse.
 23557 | Spider:1 | 23557 ||| Stepping ~*~*~tactically~*~*~ (stealth).
 23558 | Spider:1 | 23558 ||| Stepping ~*~*~tactically~*~*~ (stealth).
 23561 | Spider:1 | 23561 ||| Stepping ~*~*~tactically~*~*~ (stealth).
 23587 | Spider:1 | 23587 ||| Stepping ~*~*~tactically~*~*~ (stealth).
 23588 | Spider:1 | 23588 ||| Stepping ~*~*~tactically~*~*~ (stealth).
 23630 | Spider:1 | Received a gift from Okawaru
 23733 | Spider:1 | 23733 ||| READING scroll of enchant weapon.
 23733 | Spider:1 | 23733 ||| ENCHANTING +1 broad axe of venom.
 23862 | Spider:2 | 23862 ||| Stepping ~*~*~tactically~*~*~ (stealth).
 23865 | Spider:2 | 23865 ||| Stepping ~*~*~tactically~*~*~ (stealth).
 23866 | Spider:2 | 23866 ||| Stepping ~*~*~tactically~*~*~ (stealth).
 23874 | Spider:2 | 23874 ||| Stepping ~*~*~tactically~*~*~ (stealth).
 23885 | Spider:2 | 23885 ||| INVOKING Heroism.
 23890 | Spider:2 | Noticed Arachne
 23891 | Spider:2 | 23891 ||| INVOKING Finesse.
 23920 | Spider:2 | Killed Arachne
 23925 | Spider:2 | Reached XP level 17. HP: 39/111 MP: 19/24
 23968 | Spider:2 | HP: 24/112 [jorogumo (14)]
 23969 | Spider:2 | 23969 ||| READING 14 scrolls of teleportation.
 23970 | Spider:2 | 23970 ||| DRINKING 2 potions of heal wounds.
 24215 | Spider:2 | 24215 ||| Stepping ~*~*~tactically~*~*~ (stealth).
 24279 | Spider:2 | 24279 ||| INVOKING Heroism.
 24287 | Spider:2 | Reached skill level 15 in Fighting
 24336 | Spider:2 | 24336 ||| INVOKING Heroism.
 24356 | Spider:2 | 24356 ||| Stepping ~*~*~tactically~*~*~ (stealth).
 24357 | Spider:2 | 24357 ||| Stepping ~*~*~tactically~*~*~ (stealth).
 24393 | Spider:2 | 24393 ||| FLEEEEING.
 24394 | Spider:2 | 24394 ||| FLEEEEING.
 24395 | Spider:2 | 24395 ||| FLEEEEING.
 24396 | Spider:2 | 24396 ||| FLEEEEING.
 24397 | Spider:2 | 24397 ||| FLEEEEING.
 24399 | Spider:2 | 24399 ||| FLEEEEING.
 24400 | Spider:2 | 24400 ||| FLEEEEING.
 24401 | Spider:2 | 24401 ||| FLEEEEING.
 24402 | Spider:2 | 24402 ||| FLEEEEING.
 24403 | Spider:2 | 24403 ||| FLEEEEING.
 24404 | Spider:2 | 24404 ||| FLEEEEING.
 24405 | Spider:2 | 24405 ||| FLEEEEING.
 24406 | Spider:2 | 24406 ||| FLEEEEING.
 24434 | Spider:2 | 24434 ||| READING scroll of brand weapon.
 24434 | Spider:2 | 24434 ||| BRANDING +2 broad axe of venom.
 24441 | Spider:2 | 24441 ||| Stepping ~*~*~tactically~*~*~ (hiding).
 24446 | Spider:2 | Identified the +3 helmet of the Forest {+Inv rF++ rCorr
                  | Str-5} (Okawaru gifted it to you on level 2 of the Spider
                  | Nest)
 24446 | Spider:2 | Received a gift from Okawaru
 24949 | Spider:2 | 24949 ||| Stepping ~*~*~tactically~*~*~ (stealth).
 24953 | Spider:2 | Reached skill level 15 in Armour
 25400 | Spider:2 | 25400 ||| UPGRADING to +3 helmet of the Forest {+Inv rF++
                  | rCorr Str-5}.
 25410 | Spider:2 | 25410 ||| READING 10 scrolls of identify.
 25410 | Spider:2 | 25410 ||| IDENTIFYING fizzy red potion
 25448 | Spider:3 | 25448 ||| Stepping ~*~*~tactically~*~*~ (stealth).
 25454 | Spider:3 | 25454 ||| FLEEEEING.
 25455 | Spider:3 | 25455 ||| STAIRDANCE
 25460 | Spider:3 | 25460 ||| STAIRDANCE
 25511 | Spider:3 | 25511 ||| INVOKING Finesse.
 25517 | Spider:3 | 25517 ||| Stepping ~*~*~tactically~*~*~ (hiding).
 25539 | Spider:3 | 25539 ||| Stepping ~*~*~tactically~*~*~ (hiding).
 25549 | Spider:3 | Reached skill level 10 in Shields
 25555 | Spider:3 | 25555 ||| Stepping ~*~*~tactically~*~*~ (stealth).
 25586 | Spider:3 | Identified the +1 robe of the Quahog {rN+}
 25596 | Spider:3 | 25596 ||| Stepping ~*~*~tactically~*~*~ (stealth).
 25597 | Spider:3 | 25597 ||| Stepping ~*~*~tactically~*~*~ (stealth).
 25598 | Spider:3 | 25598 ||| Stepping ~*~*~tactically~*~*~ (stealth).
 25599 | Spider:3 | 25599 ||| Stepping ~*~*~tactically~*~*~ (stealth).
 25604 | Spider:3 | 25604 ||| Stepping ~*~*~tactically~*~*~ (stealth).
 25605 | Spider:3 | 25605 ||| Stepping ~*~*~tactically~*~*~ (stealth).
 25606 | Spider:3 | 25606 ||| Stepping ~*~*~tactically~*~*~ (stealth).
 25607 | Spider:3 | 25607 ||| Stepping ~*~*~tactically~*~*~ (stealth).
 25610 | Spider:3 | 25610 ||| INVOKING Finesse.
 25612 | Spider:3 | 25612 ||| INVOKING Heroism.
 25620 | Spider:3 | 25620 ||| Stepping ~*~*~tactically~*~*~ (stealth).
 25628 | Spider:3 | 25628 ||| Stepping ~*~*~tactically~*~*~ (stealth).
 25631 | Spider:3 | 25631 ||| Stepping ~*~*~tactically~*~*~ (stealth).
 25637 | Spider:3 | 25637 ||| Stepping ~*~*~tactically~*~*~ (stealth).
 25638 | Spider:3 | 25638 ||| Stepping ~*~*~tactically~*~*~ (stealth).
 25688 | Spider:3 | 25688 ||| Stepping ~*~*~tactically~*~*~ (stealth).
 25689 | Spider:3 | 25689 ||| Stepping ~*~*~tactically~*~*~ (stealth).
 25705 | Spider:3 | 25705 ||| INVOKING Heroism.
 25807 | Spider:3 | 25807 ||| Stepping ~*~*~tactically~*~*~ (stealth).
 25810 | Spider:3 | 25810 ||| Stepping ~*~*~tactically~*~*~ (stealth).
 25818 | Spider:3 | 25818 ||| INVOKING Finesse.
 25938 | Spider:3 | HP: 28/115 [spark wasp (5)]
 25939 | Spider:3 | 25939 ||| READING 14 scrolls of teleportation.
 25940 | Spider:3 | 25940 ||| INVOKING Heroism.
 25947 | Spider:3 | 25947 ||| Stepping ~*~*~tactically~*~*~ (stealth).
 26011 | Spider:3 | 26011 ||| INVOKING Heroism.
 26058 | Spider:3 | 26058 ||| Stepping ~*~*~tactically~*~*~ (stealth).
 26073 | Spider:3 | 26073 ||| INVOKING Heroism.
 26183 | Spider:3 | 26183 ||| INVOKING Heroism.
 26216 | Spider:3 | 26216 ||| INVOKING Heroism.
 26347 | Spider:3 | 26347 ||| INVOKING Heroism.
 26363 | Spider:3 | 26363 ||| Stepping ~*~*~tactically~*~*~ (hiding).
 26364 | Spider:3 | 26364 ||| Stepping ~*~*~tactically~*~*~ (hiding).
 26365 | Spider:3 | 26365 ||| Stepping ~*~*~tactically~*~*~ (hiding).
 26571 | Spider:3 | 26571 ||| Stepping ~*~*~tactically~*~*~ (stealth).
 26602 | Spider:3 | 26602 ||| Stepping ~*~*~tactically~*~*~ (stealth).
 26853 | Spider:3 | 26853 ||| PLANNING SHOALS:1-3
 26853 | Spider:3 | 26853 ||| READING scroll labelled DYNGAR VYFAMNA.
 27030 | Shoals:1 | Entered Level 1 of the Shoals
 27043 | Shoals:1 | 27043 ||| Stepping ~*~*~tactically~*~*~ (hiding).
 27046 | Shoals:1 | 27046 ||| INVOKING Heroism.
 27141 | Shoals:1 | 27141 ||| Stepping ~*~*~tactically~*~*~ (stealth).
 27145 | Shoals:1 | 27145 ||| Stepping ~*~*~tactically~*~*~ (stealth).
 27150 | Shoals:1 | 27150 ||| Stepping ~*~*~tactically~*~*~ (stealth).
 27154 | Shoals:1 | 27154 ||| Stepping ~*~*~tactically~*~*~ (stealth).
 27156 | Shoals:1 | 27156 ||| Stepping ~*~*~tactically~*~*~ (stealth).
 27241 | Shoals:1 | Received a gift from Okawaru
 27275 | Shoals:1 | 27275 ||| INVOKING Heroism.
 27335 | Shoals:1 | 27335 ||| INVOKING Heroism.
 27590 | Shoals:1 | Noticed a kraken
 27594 | Shoals:1 | 27594 ||| INVOKING Heroism.
 27599 | Shoals:1 | Killed a kraken
 27600 | Shoals:1 | Reached XP level 18. HP: 68/121 MP: 22/25
 27732 | Shoals:1 | 27732 ||| DROPPING +1 demon whip of draining.
 27733 | Shoals:1 | 27733 ||| DROPPING +0 morningstar.
 27830 | Shoals:1 | 27830 ||| INVOKING Heroism.
 28152 | Shoals:1 | 28152 ||| Stepping ~*~*~tactically~*~*~ (hiding).
 28267 | Shoals:1 | 28267 ||| INVOKING Heroism.
 28270 | Shoals:1 | HP: 26/123 [water elemental[an elemental wellspring] (11)]
 28271 | Shoals:1 | 28271 ||| READING 13 scrolls of teleportation.
 28272 | Shoals:1 | 28272 ||| DRINKING 2 potions of heal wounds.
 28765 | Shoals:1 | 28765 ||| Stepping ~*~*~tactically~*~*~ (stealth).
 28767 | Shoals:1 | 28767 ||| Stepping ~*~*~tactically~*~*~ (stealth).
 28769 | Shoals:1 | 28769 ||| Stepping ~*~*~tactically~*~*~ (stealth).
 28772 | Shoals:1 | 28772 ||| Stepping ~*~*~tactically~*~*~ (stealth).
 28773 | Shoals:1 | 28773 ||| FLEEEEING.
 28774 | Shoals:1 | 28774 ||| FLEEEEING.
 28775 | Shoals:1 | 28775 ||| FLEEEEING.
 28776 | Shoals:1 | 28776 ||| FLEEEEING.
 28777 | Shoals:1 | 28777 ||| FLEEEEING.
 28782 | Shoals:1 | 28782 ||| FLEEEEING.
 28783 | Shoals:1 | 28783 ||| FLEEEEING.
 28790 | Shoals:1 | 28790 ||| INVOKING Heroism.
 28965 | Shoals:1 | 28965 ||| INVOKING Heroism.
 28979 | Shoals:1 | HP: 16/123 [elemental wellspring/torrent of water (18)]
 28980 | Shoals:1 | 28980 ||| READING 12 scrolls of teleportation.
 28980 | Shoals:1 | HP: 6/123 [elemental wellspring/torrent of water (11)]
 28981 | Shoals:1 | 28981 ||| DRINKING potion of heal wounds.
 29378 | Shoals:1 | You are sucked into a shaft and drop 1 floor!
 29486 | Shoals:2 | 29486 ||| INVOKING Heroism.
 29578 | Shoals:1 | 29578 ||| DROPPING ring of see invisible.
 29694 | Shoals:2 | 29694 ||| READING scroll of brand weapon.
 29694 | Shoals:2 | 29694 ||| BRANDING +2 broad axe of chaos.
 29695 | Shoals:2 | 29695 ||| DROPPING +0 war axe.
 29700 | Shoals:2 | 29700 ||| READING scroll of enchant weapon.
 29700 | Shoals:2 | 29700 ||| ENCHANTING +2 broad axe of protection.
 29720 | Shoals:2 | Received a gift from Okawaru
 29721 | Shoals:2 | 29721 ||| FLEEEEING.
 29722 | Shoals:2 | 29722 ||| FLEEEEING.
 29723 | Shoals:2 | 29723 ||| FLEEEEING.
 29724 | Shoals:2 | 29724 ||| FLEEEEING.
 29725 | Shoals:2 | 29725 ||| FLEEEEING.
 29726 | Shoals:2 | 29726 ||| FLEEEEING.
 29727 | Shoals:2 | 29727 ||| FLEEEEING.
 29728 | Shoals:2 | 29728 ||| FLEEEEING.
 29729 | Shoals:2 | 29729 ||| FLEEEEING.
 29730 | Shoals:2 | 29730 ||| FLEEEEING.
 29731 | Shoals:2 | 29731 ||| FLEEEEING.
 29732 | Shoals:2 | 29732 ||| FLEEEEING.
 29733 | Shoals:2 | 29733 ||| FLEEEEING.
 29734 | Shoals:2 | 29734 ||| FLEEEEING.
 29735 | Shoals:2 | 29735 ||| FLEEEEING.
 29736 | Shoals:2 | 29736 ||| FLEEEEING.
 29897 | Shoals:2 | Received a gift from Okawaru
 30043 | Shoals:2 | 30043 ||| Stepping ~*~*~tactically~*~*~ (hiding).
 30044 | Shoals:2 | 30044 ||| Stepping ~*~*~tactically~*~*~ (hiding).
 30049 | Shoals:2 | 30049 ||| Stepping ~*~*~tactically~*~*~ (hiding).
 30050 | Shoals:2 | 30050 ||| Stepping ~*~*~tactically~*~*~ (hiding).
 30191 | Shoals:2 | 30191 ||| INVOKING Heroism.
 30654 | Shoals:3 | 30654 ||| INVOKING Heroism.
 30658 | Shoals:3 | Received a gift from Okawaru
 30886 | Shoals:3 | 30886 ||| INVOKING Heroism.
 30902 | Shoals:3 | 30902 ||| INVOKING Heroism.
 31413 | Shoals:3 | 31413 ||| Stepping ~*~*~tactically~*~*~ (stealth).
 31481 | Shoals:3 | 31481 ||| Stepping ~*~*~tactically~*~*~ (hiding).
 31482 | Shoals:3 | 31482 ||| Stepping ~*~*~tactically~*~*~ (hiding).
 31486 | Shoals:3 | 31486 ||| INVOKING Heroism.
 31505 | Shoals:3 | Reached skill level 18 in Fighting
 31505 | Shoals:3 | Received a gift from Okawaru
 31525 | Shoals:3 | Reached skill level 11 in Shields
 31541 | Shoals:3 | 31541 ||| Stepping ~*~*~tactically~*~*~ (hiding).
 31993 | Shoals:3 | 31993 ||| PLANNING SPIDER:4
 31993 | Shoals:3 | 31993 ||| DROPPING +1 pair of gloves of infusion.
 32164 | Spider:4 | Entered Level 4 of the Spider Nest
 32165 | Spider:4 | 32165 ||| Stepping ~*~*~tactically~*~*~ (hiding).
 32428 | Spider:4 | 32428 ||| INVOKING Heroism.
 32631 | Spider:4 | 32631 ||| FLEEEEING.
 32700 | Spider:4 | 32700 ||| Stepping ~*~*~tactically~*~*~ (stealth).
 32714 | Spider:4 | 32714 ||| Stepping ~*~*~tactically~*~*~ (stealth).
 32715 | Spider:4 | 32715 ||| Stepping ~*~*~tactically~*~*~ (stealth).
 32758 | Spider:4 | Noticed Agnes
 32759 | Spider:4 | 32759 ||| INVOKING Heroism.
 32764 | Spider:4 | Noticed Kirke
 32767 | Spider:4 | Killed Agnes
 32786 | Spider:4 | Killed Kirke
 32786 | Spider:4 | Received a gift from Okawaru
 32787 | Spider:4 | Reached XP level 19. HP: 122/130 MP: 26/26
 32873 | Spider:4 | 32873 ||| Stepping ~*~*~tactically~*~*~ (stealth).
 32874 | Spider:4 | 32874 ||| Stepping ~*~*~tactically~*~*~ (stealth).
 32889 | Spider:4 | 32889 ||| Stepping ~*~*~tactically~*~*~ (stealth).
 32896 | Spider:4 | 32896 ||| Stepping ~*~*~tactically~*~*~ (stealth).
 32898 | Spider:4 | 32898 ||| INVOKING Heroism.
 32948 | Spider:4 | Noticed Louise
 32953 | Spider:4 | Reached skill level 18 in Armour
 32974 | Spider:4 | 32974 ||| INVOKING Finesse.
 32983 | Spider:4 | Killed Louise
 33000 | Spider:4 | 33000 ||| INVOKING Heroism.
 33013 | Spider:4 | 33013 ||| INVOKING Heroism.
 33018 | Spider:4 | Received a gift from Okawaru
 33324 | Spider:4 | Noticed Mara
 33325 | Spider:4 | 33325 ||| INVOKING Heroism.
 33339 | Spider:4 | Noticed qw's illusion
 33354 | Spider:4 | Killed Mara
 33489 | Spider:4 | 33489 ||| INVOKING Heroism.
 33512 | Spider:4 | Received a gift from Okawaru
 33513 | Spider:4 | 33513 ||| DRINKING 6 potions of curing.
 33513 | Spider:4 | 33513 ||| (to cure confusion)
 33514 | Spider:4 | 33514 ||| DRINKING 5 potions of curing.
 33514 | Spider:4 | 33514 ||| (to cure confusion)
 33541 | Spider:4 | 33541 ||| Stepping ~*~*~tactically~*~*~ (stealth).
 33543 | Spider:4 | 33543 ||| Stepping ~*~*~tactically~*~*~ (stealth).
 33544 | Spider:4 | 33544 ||| FLEEEEING.
 33545 | Spider:4 | 33545 ||| FLEEEEING.
 33546 | Spider:4 | 33546 ||| FLEEEEING.
 33547 | Spider:4 | 33547 ||| FLEEEEING.
 33548 | Spider:4 | 33548 ||| FLEEEEING.
 33549 | Spider:4 | 33549 ||| FLEEEEING.
 33550 | Spider:4 | 33550 ||| FLEEEEING.
 33551 | Spider:4 | 33551 ||| FLEEEEING.
 33552 | Spider:4 | 33552 ||| FLEEEEING.
 33553 | Spider:4 | 33553 ||| INVOKING Heroism.
 33706 | Spider:4 | Got a gossamer rune of Zot
 33769 | Spider:4 | 33769 ||| Stepping ~*~*~tactically~*~*~ (hiding).
 33778 | Spider:4 | 33778 ||| INVOKING Finesse.
 34097 | Spider:4 | Noticed Mlioglotl
 34098 | Spider:4 | 34098 ||| INVOKING Heroism.
 34101 | Spider:4 | Killed Mlioglotl
 34110 | Spider:4 | 34110 ||| Stepping ~*~*~tactically~*~*~ (hiding).
 34239 | Spider:4 | 34239 ||| Stepping ~*~*~tactically~*~*~ (hiding).
 34247 | Spider:4 | Reached skill level 9 in Throwing
 34355 | Spider:4 | 34355 ||| PLANNING VAULTS:1-4
 34355 | Spider:4 | 34355 ||| UPGRADING to +2 tower shield.
 34365 | Spider:4 | 34365 ||| DROPPING +0 buckler.
 34366 | Spider:4 | 34366 ||| DROPPING scarf of invisibility.
 34564 | Vaults:1 | Entered Level 1 of the Vaults
 34766 | Vaults:1 | Identified the +3 kite shield "Tetsu" {rElec rC+ Dex+3}
                  | (Okawaru gifted it to you on level 1 of the Vaults)
 34766 | Vaults:1 | Received a gift from Okawaru
 34794 | Vaults:1 | 34794 ||| Stepping ~*~*~tactically~*~*~ (hiding).
 34827 | Vaults:1 | 34827 ||| Stepping ~*~*~tactically~*~*~ (stealth).
 34829 | Vaults:1 | 34829 ||| Stepping ~*~*~tactically~*~*~ (hiding).
 34852 | Vaults:1 | Reached skill level 12 in Shields
 35129 | Vaults:1 | 35129 ||| Stepping ~*~*~tactically~*~*~ (hiding).
 35241 | Vaults:1 | 35241 ||| Stepping ~*~*~tactically~*~*~ (hiding).
 35263 | Vaults:1 | 35263 ||| Stepping ~*~*~tactically~*~*~ (hiding).
 35370 | Vaults:1 | 35370 ||| Stepping ~*~*~tactically~*~*~ (hiding).
 35562 | Vaults:1 | 35562 ||| Stepping ~*~*~tactically~*~*~ (stealth).
 35728 | Vaults:2 | Reached skill level 13 in Shields
 35796 | Vaults:2 | 35796 ||| INVOKING Heroism.
 35822 | Vaults:2 | 35822 ||| Stepping ~*~*~tactically~*~*~ (hiding).
 35823 | Vaults:2 | 35823 ||| INVOKING Heroism.
 35866 | Vaults:2 | 35866 ||| INVOKING Heroism.
 35914 | Vaults:2 | 35914 ||| Stepping ~*~*~tactically~*~*~ (stealth).
 35917 | Vaults:2 | 35917 ||| Stepping ~*~*~tactically~*~*~ (stealth).
 35919 | Vaults:2 | 35919 ||| Stepping ~*~*~tactically~*~*~ (hiding).
 35943 | Vaults:2 | 35943 ||| INVOKING Heroism.
 36057 | Vaults:2 | Found Vanor's Magic Scroll Shoppe.
 36069 | Vaults:2 | 36069 ||| BUYING scroll of brand weapon (133 gold).
 36069 | Vaults:2 | Bought a scroll of brand weapon for 133 gold pieces
 36069 | Vaults:2 | 36069 ||| READING scroll of brand weapon.
 36069 | Vaults:2 | 36069 ||| BRANDING +3 broad axe of protection.
 36200 | Vaults:2 | Reached skill level 14 in Shields
 36246 | Vaults:2 | Reached XP level 20. HP: 139/139 MP: 27/27
 36326 | Vaults:2 | You are sucked into a shaft and drop 2 floors!
 36445 | Vaults:3 | 36445 ||| PLANNING WIZLAB
 36527 | Vaults:3 | Reached skill level 15 in Shields
 36670 | Vaults:3 | Received a gift from Okawaru
 36690 | Vaults:3 | 36690 ||| Stepping ~*~*~tactically~*~*~ (stealth).
 36692 | Vaults:3 | 36692 ||| Stepping ~*~*~tactically~*~*~ (stealth).
 36695 | Vaults:3 | 36695 ||| Stepping ~*~*~tactically~*~*~ (stealth).
 36696 | Vaults:3 | 36696 ||| Stepping ~*~*~tactically~*~*~ (stealth).
 36723 | Vaults:3 | 36723 ||| INVOKING Heroism.
 36898 | Vaults:3 | 36898 ||| Stepping ~*~*~tactically~*~*~ (hiding).
 36899 | Vaults:3 | 36899 ||| INVOKING Heroism.
 36900 | Vaults:3 | 36900 ||| INVOKING Finesse.
 36977 | Vaults:3 | 36977 ||| Stepping ~*~*~tactically~*~*~ (stealth).
 36979 | Vaults:3 | 36979 ||| Stepping ~*~*~tactically~*~*~ (hiding).
 36980 | Vaults:3 | 36980 ||| Stepping ~*~*~tactically~*~*~ (hiding).
 37196 | Vaults:3 | 37196 ||| READING scroll of enchant armour.
 37196 | Vaults:3 | 37196 ||| ENCHANTING +1 cloak.
 37208 | Vaults:3 | Reached skill level 16 in Shields
 37302 | Vaults:3 | 37302 ||| RIP WIZLAB
 37303 | Vaults:3 | 37303 ||| PLANNING VAULTS:1-4
 37384 | Vaults:2 | Received a gift from Okawaru
 37569 | Vaults:2 | 37569 ||| Stepping ~*~*~tactically~*~*~ (hiding).
 37573 | Vaults:2 | Received a gift from Okawaru
 37675 | Vaults:2 | 37675 ||| DROPPING +2 war axe of flaming.
 37900 | Vaults:2 | Found a staircase to the Crypt.
 37900 | Vaults:2 | Found a basalt altar of Yredelemnul.
 37901 | Vaults:2 | Found an ancient bone altar of Kikubaaqudgha.
 38211 | Vaults:3 | Reached skill level 17 in Shields
 38546 | Vaults:3 | 38546 ||| Stepping ~*~*~tactically~*~*~ (stealth).
 38605 | Vaults:3 | Reached skill level 18 in Shields
 38690 | Vaults:3 | 38690 ||| Stepping ~*~*~tactically~*~*~ (stealth).
 38692 | Vaults:3 | 38692 ||| Stepping ~*~*~tactically~*~*~ (stealth).
 38714 | Vaults:3 | 38714 ||| Stepping ~*~*~tactically~*~*~ (stealth).
 38747 | Vaults:3 | 38747 ||| Stepping ~*~*~tactically~*~*~ (stealth).
 38871 | Vaults:4 | Identified the ring "Damnable Contraption" {rPois EV+5
                  | Slay-3 Stlth+}
 38924 | Vaults:4 | 38924 ||| Stepping ~*~*~tactically~*~*~ (hiding).
 38933 | Vaults:4 | 38933 ||| INVOKING Heroism.
 38941 | Vaults:4 | Received a gift from Okawaru
 38960 | Vaults:4 | 38960 ||| Stepping ~*~*~tactically~*~*~ (hiding).
 39089 | Vaults:4 | 39089 ||| Stepping ~*~*~tactically~*~*~ (hiding).
 39092 | Vaults:4 | 39092 ||| Stepping ~*~*~tactically~*~*~ (hiding).
 39093 | Vaults:4 | 39093 ||| Stepping ~*~*~tactically~*~*~ (hiding).
 39175 | Vaults:4 | 39175 ||| Stepping ~*~*~tactically~*~*~ (stealth).
 39177 | Vaults:4 | 39177 ||| Stepping ~*~*~tactically~*~*~ (hiding).
 39179 | Vaults:4 | 39179 ||| Stepping ~*~*~tactically~*~*~ (hiding).
 39180 | Vaults:4 | 39180 ||| Stepping ~*~*~tactically~*~*~ (hiding).
 39295 | Vaults:4 | 39295 ||| SWAPPING to +6 broad axe of venom.
 39296 | Vaults:4 | 39296 ||| DROPPING +3 broad axe of freezing.
 39438 | Vaults:4 | Reached XP level 21. HP: 141/144 MP: 28/28
 39473 | Vaults:4 | 39473 ||| Stepping ~*~*~tactically~*~*~ (hiding).
 39474 | Vaults:4 | 39474 ||| Stepping ~*~*~tactically~*~*~ (hiding).
 39498 | Vaults:4 | Reached skill level 19 in Shields
 39549 | Vaults:4 | Noticed Boris
 39550 | Vaults:4 | 39550 ||| INVOKING Heroism.
 39551 | Vaults:4 | 39551 ||| INVOKING Finesse.
 39554 | Vaults:4 | Noticed Aizul
 39577 | Vaults:4 | Killed Boris
 39580 | Vaults:4 | Killed Aizul
 39622 | Vaults:4 | 39622 ||| Stepping ~*~*~tactically~*~*~ (stealth).
 39767 | Vaults:4 | Received a gift from Okawaru
 39777 | Vaults:4 | 39777 ||| Stepping ~*~*~tactically~*~*~ (stealth).
 39779 | Vaults:4 | 39779 ||| Stepping ~*~*~tactically~*~*~ (hiding).
 39780 | Vaults:4 | 39780 ||| Stepping ~*~*~tactically~*~*~ (hiding).
 39782 | Vaults:4 | 39782 ||| Stepping ~*~*~tactically~*~*~ (hiding).
 39783 | Vaults:4 | 39783 ||| Stepping ~*~*~tactically~*~*~ (hiding).
 40163 | Vaults:4 | 40163 ||| INVOKING Heroism.
 40174 | Vaults:4 | Identified the +0 chain mail "Isucw" {Rampage rC- rN+++
                  | Regen+} (Okawaru gifted it to you on level 4 of the Vaults)
 40174 | Vaults:4 | Received a gift from Okawaru
 40266 | Vaults:4 | 40266 ||| PLANNING SHOALS:4
 40626 | Shoals:4 | Entered Level 4 of the Shoals
 40810 | Shoals:4 | 40810 ||| Stepping ~*~*~tactically~*~*~ (hiding).
 40872 | Shoals:4 | 40872 ||| Stepping ~*~*~tactically~*~*~ (hiding).
 40873 | Shoals:4 | 40873 ||| Stepping ~*~*~tactically~*~*~ (hiding).
 40875 | Shoals:4 | 40875 ||| Stepping ~*~*~tactically~*~*~ (hiding).
 40876 | Shoals:4 | 40876 ||| INVOKING Heroism.
 40877 | Shoals:4 | 40877 ||| INVOKING Finesse.
 40892 | Shoals:4 | 40892 ||| Stepping ~*~*~tactically~*~*~ (hiding).
 41237 | Shoals:4 | 41237 ||| Stepping ~*~*~tactically~*~*~ (hiding).
 41238 | Shoals:4 | 41238 ||| Stepping ~*~*~tactically~*~*~ (hiding).
 41245 | Shoals:4 | Reached skill level 20 in Shields
 41310 | Shoals:4 | 41310 ||| Stepping ~*~*~tactically~*~*~ (stealth).
 41435 | Shoals:4 | Identified the staff "Vaipoimp" {rElec Str+5 SInv Air}
 41484 | Shoals:4 | 41484 ||| Stepping ~*~*~tactically~*~*~ (hiding).
 41512 | Shoals:4 | 41512 ||| Stepping ~*~*~tactically~*~*~ (stealth).
 41517 | Shoals:4 | 41517 ||| Stepping ~*~*~tactically~*~*~ (stealth).
 41527 | Shoals:4 | Identified the +3 morningstar of Balance {elec, *Rage
                  | Will++ Stlth+}
 41720 | Shoals:4 | 41720 ||| Stepping ~*~*~tactically~*~*~ (hiding).
 41856 | Shoals:4 | 41856 ||| Stepping ~*~*~tactically~*~*~ (hiding).
 41875 | Shoals:4 | 41875 ||| INVOKING Heroism.
 41885 | Shoals:4 | 41885 ||| INVOKING Finesse.
 42104 | Shoals:4 | Got a barnacled rune of Zot
 42131 | Shoals:4 | 42131 ||| Stepping ~*~*~tactically~*~*~ (hiding).
 42157 | Shoals:4 | 42157 ||| Stepping ~*~*~tactically~*~*~ (hiding).
 42248 | Shoals:4 | 42248 ||| DROPPING amulet of the acrobat.
 42249 | Shoals:4 | 42249 ||| PLANNING DEPTHS
 42504 | Depths:1 | Entered Level 1 of the Depths
 42505 | Depths:1 | 42505 ||| INVOKING Heroism.
 42506 | Depths:1 | 42506 ||| INVOKING Finesse.
 42601 | Depths:1 | 42601 ||| Stepping ~*~*~tactically~*~*~ (hiding).
 42764 | Depths:1 | 42764 ||| INVOKING Heroism.
 42822 | Depths:1 | 42822 ||| FLEEEEING.
 42823 | Depths:1 | 42823 ||| FLEEEEING.
 42824 | Depths:1 | 42824 ||| FLEEEEING.
 42825 | Depths:1 | 42825 ||| FLEEEEING.
 42918 | Depths:1 | 42918 ||| Stepping ~*~*~tactically~*~*~ (hiding).
 42929 | Depths:1 | 42929 ||| INVOKING Heroism.
 42930 | Depths:1 | Received a gift from Okawaru
 42941 | Depths:1 | Found a gateway to Hell.
 42953 | Depths:1 | Gained mutation: Armour fits poorly on your strangely
                  | shaped body. [a shining eye]
 42955 | Depths:1 | Gained mutation: You occasionally lose the ability to drink
                  | potions when taking damage. [a shining eye]
 42957 | Depths:1 | Gained mutation: Your spells are a little easier to cast,
                  | but a little less powerful. [a shining eye]
 42974 | Depths:1 | 42974 ||| Stepping ~*~*~tactically~*~*~ (stealth).
 42985 | Depths:1 | 42985 ||| INVOKING Finesse.
 42988 | Depths:1 | 42988 ||| Stepping ~*~*~tactically~*~*~ (stealth).
 42996 | Depths:1 | 42996 ||| Stepping ~*~*~tactically~*~*~ (stealth).
 43004 | Depths:1 | 43004 ||| Stepping ~*~*~tactically~*~*~ (stealth).
 43005 | Depths:1 | 43005 ||| DRINKING 2 potions of mutation.
 43005 | Depths:1 | Lost mutation: You occasionally lose the ability to drink
                  | potions when taking damage. [potion of mutation]
 43005 | Depths:1 | Lost mutation: Your muscles are strong. (Str +4, Int/Dex
                  | -1) [potion of mutation]
 43005 | Depths:1 | Gained mutation: Your flesh is heat resistant. (rF+)
                  | [potion of mutation]
 43005 | Depths:1 | Gained mutation: You have a pair of small antennae on your
                  | head. [potion of mutation]
 43005 | Depths:1 | Lost mutation: Your body sometimes deteriorates upon taking
                  | damage. [potion of mutation]
 43005 | Depths:1 | Gained mutation: You possess an exceptional clarity of
                  | mind. [potion of mutation]
 43006 | Depths:1 | 43006 ||| DRINKING potion of mutation.
 43006 | Depths:1 | Lost mutation: You possess an exceptional clarity of mind.
                  | [potion of mutation]
 43006 | Depths:1 | Lost mutation: Armour fits poorly on your strangely shaped
                  | body. [potion of mutation]
 43006 | Depths:1 | Lost mutation: Your flesh is heat resistant. (rF+) [potion
                  | of mutation]
 43006 | Depths:1 | Gained mutation: You have a pair of antennae on your head.
                  | [potion of mutation]
 43006 | Depths:1 | Gained mutation: You passively map a small area around you.
                  | [potion of mutation]
 43042 | Depths:1 | 43042 ||| Stepping ~*~*~tactically~*~*~ (stealth).
 43044 | Depths:1 | 43044 ||| Stepping ~*~*~tactically~*~*~ (stealth).
 43063 | Depths:1 | 43063 ||| Stepping ~*~*~tactically~*~*~ (stealth).
 43065 | Depths:1 | 43065 ||| Stepping ~*~*~tactically~*~*~ (hiding).
 43066 | Depths:1 | 43066 ||| Stepping ~*~*~tactically~*~*~ (hiding).
 43067 | Depths:1 | 43067 ||| Stepping ~*~*~tactically~*~*~ (hiding).
 43250 | Depths:1 | Reached XP level 22. HP: 150/150 MP: 29/29
 43523 | Depths:1 | 43523 ||| DROPPING +2 helmet.
 43524 | Depths:1 | 43524 ||| DROPPING +3 helmet of the Forest {+Inv rF++ rCorr
                  | Str-5}.
 43605 | Depths:2 | 43605 ||| Stepping ~*~*~tactically~*~*~ (hiding).
 43608 | Depths:2 | 43608 ||| INVOKING Finesse.
 43685 | Depths:2 | 43685 ||| INVOKING Heroism.
 43722 | Depths:2 | Noticed Boris
 43736 | Depths:2 | 43736 ||| INVOKING Heroism.
 43744 | Depths:2 | Killed Boris
 43912 | Depths:2 | 43912 ||| Stepping ~*~*~tactically~*~*~ (stealth).
 43933 | Depths:2 | 43933 ||| Stepping ~*~*~tactically~*~*~ (stealth).
 43937 | Depths:2 | 43937 ||| Stepping ~*~*~tactically~*~*~ (stealth).
 43992 | Depths:2 | 43992 ||| Stepping ~*~*~tactically~*~*~ (hiding).
 44008 | Depths:2 | Received a gift from Okawaru
 44031 | Depths:2 | 44031 ||| INVOKING Heroism.
 44034 | Depths:2 | HP: 37/152 [fire dragon/blast of flame (21)]
 44035 | Depths:2 | 44035 ||| READING 15 scrolls of teleportation.
 44036 | Depths:2 | 44036 ||| DRINKING 2 potions of heal wounds.
 44277 | Depths:2 | You are sucked into a shaft and drop 1 floor!
 44302 | Depths:3 | Received a gift from Okawaru
 44303 | Depths:3 | Reached skill level 6 in Dodging
 44360 | Depths:2 | 44360 ||| Stepping ~*~*~tactically~*~*~ (hiding).
 44367 | Depths:2 | 44367 ||| INVOKING Heroism.
 44397 | Depths:2 | 44397 ||| Stepping ~*~*~tactically~*~*~ (stealth).
 44403 | Depths:2 | Found a one-way gateway to a ziggurat.
 44440 | Depths:2 | 44440 ||| INVOKING Heroism.
 44467 | Depths:2 | Reached skill level 21 in Shields
 44487 | Depths:2 | 44487 ||| INVOKING Heroism.
 44937 | Depths:2 | Identified the ring "Onguak" {Ice rPois Will- Int+4}
 44937 | Depths:2 | Noticed Josephina
 44938 | Depths:2 | 44938 ||| INVOKING Heroism.
 44941 | Depths:2 | Found a broken altar of Ashenzari.
 44959 | Depths:2 | HP: 35/153 [Josephina/staff of cold (13)]
 44960 | Depths:2 | 44960 ||| READING 15 scrolls of teleportation.
 44961 | Depths:2 | 44961 ||| DRINKING 2 potions of heal wounds.
 45206 | Depths:2 | 45206 ||| INVOKING Heroism.
 45225 | Depths:2 | HP: 29/139 [Josephina/staff of cold (6)]
 45225 | Depths:2 | Slain by Josephina

Levels and vault maps discovered:
D:1:      mrwooster_arrival_arrow, layout_basic
D:2:      layout_basic, minmay_gold_behind_fungi
D:3:      kennysheep_goblin_castle, layout_rooms, mainiacjoe_overflow_alcove_2
D:4:      layout_gridville, corexii_leaking_fountain,
          nicolae_shop_i_like_big_books, minmay_joined_circles, uniq_ijyb
D:5:      layout_cave_pools, nicolae_dithmenos_through_a_glass_darkly,
          amcnicky_mini_pool_small
D:6:      layout_rooms, nicolae_uskayaw_murder_on_the_dancefloor,
          gammafunk_ghost_split, kennysheep_generic_room_7, uniq_duvessa,
          uniq_eustachio
D:7:      layout_gridville, kennysheep_little_box, minmay_temple_entry_junction,
          nicolae_ossuary_entry_ruins, uniq_maggie
D:8:      layout_loops_ring
D:9:      cheibrodos_shockbox, layout_basic, lair_entry_dummy, serial_shops,
          nicolae_shop_rolling_square, enter_bailey_6, uniq_prince_ribbit1
D:10:     layout_irregular_city, mainiacjoe_overflow_24_doors,
          mainiacjoe_overflow_divided_tiny
D:11:     layout_cross, david_orc_5, uniq_gastronok, uniq_maurice
D:12:     layout_roguey, dk_noncrumbling_2
D:13:     layout_cave_pods, grunt_vaults_entry_tiered, serial_bayou_pond_b
D:14:     layout_grid_maze, serial_park_tiny_pond, onia_ninara_cookie,
          uniq_snorg
D:15:     hangedman_depths_entry_try_elsewhere_first, layout_basic,
          minmay_misc_feat_cross, tgw_sif, uniq_roxanne
Temple:   regret_index_temple_generic_petals
Lair:1:   layout_cave_shapes, basic_altar, beast_lair_carwin_7
Lair:2:   layout_cave_pods, dummy_spider_entry, serial_rivers,
          chequers_serial_rivers_micro_c, chequers_serial_rivers_micro_c,
          chequers_serial_rivers_room_a, chequers_serial_rivers_large_a,
          chequers_serial_rivers_micro_d, chequers_serial_rivers_marsh,
          infiniplex_staircase_pool_2
Lair:3:   layout_gridlike, elwin_shoals_entry_rocks, infiniplex_staircase_pool
Lair:4:   layout_roguey, slime_entry_1, serial_bayou, serial_bayou_shore_a,
          serial_bayou_pond_d, serial_bayou_pond_a, serial_bayou_crossing,
          serial_bayou_pond_d
Lair:5:   hangedman_lair_in_review, layout_long_grid, wormcave, basic_altar,
          grunt_megastairs_2, uniq_rupert, uniq_nessos
Shoals:1: layout_shoals, nicolae_shoals_raging_river
Shoals:2: cheibrodos_shoals_baths, layout_shoals
Shoals:3: layout_shoals, nicolae_shoals_water_elemental_grotto
Shoals:4: shoals_end_hangedman, layout_shoals
Spider:1: layout_spider_delve
Spider:2: layout_cave_pods, nicolae_arachne_temple,
          hangedman_spider_tarantella_strand, uniq_arachne
Spider:3: layout_spider_delve, hangedman_stitches_earthworm
Spider:4: grunt_spider_rune_parallel, einodemon_crawler_minivault, uniq_mara,
          uniq_mlioglotl, uniq_kirke, uniq_agnes, uniq_louise
Orc:1:    layout_diamond_mine, serial_shops, shop, trog_butcher_becter
Orc:2:    kennysheep_orc_mage_school, layout_caves, serial_shops, shop
Vaults:1: nicolae_vaults_network_quincunx
          [nicolae_vaults_network_quincunx_subvault,
          nicolae_vaults_network_quincunx_subvault,
          nicolae_vaults_network_quincunx_subvault,
          nicolae_vaults_network_quincunx_subvault,
          nicolae_vaults_network_quincunx_subvault],
          nicolae_vaults_little_squares_5, nicolae_vaults_network_s,
          nicolae_vaults_diamond_2, nicolae_vaults_offset_grid_hallway_3,
          ontoclasm_vaults_fault, nicolae_vaults_two_Ls, nicolae_vaults_swerve,
          nicolae_vaults_double_plus_2, nicolae_vaults_house_3, v_misc_22,
          vaults_standard_mumra_enter_the_diamond,
          vaults_room_grunt_arrival_checkpoint, vaults_dpeg_diagonal,
          hangedman_vaults_pinch, layout_vaults_omnibox
Vaults:2: minmay_crypt_entry_necro_gods, ontoclasm_vaults_chip,
          ontoclasm_vaults_gateway, v_misc_1, ontoclasm_vaults_twist,
          nicolae_vaults_specimen_jars, hangedman_vaults_locks,
          nicolae_vaults_wrenched, nicolae_vaults_two_Ls,
          layout_vaults_big_room, serial_glass, serial_shops, shop
Vaults:3: mu_enter_wizlab_3, ontoclasm_vaults_idyll,
          vaults_room_grunt_arrival_ludios, nicolae_vaults_asterisk,
          vaults_room_fancy_cross, v_misc_1, st_lattice, v_misc_22,
          vaults_dpeg_encased_lava, ontoclasm_vaults_decontamination,
          nicolae_vaults_offset_grid_hallway_4, nicolae_vaults_trapezoid_1,
          nicolae_vaults_trapezoid_lopsided_1, v_rooms_4,
          hangedman_vaults_cutoff, layout_vaults_maze
Vaults:4: nicolae_vaults_mitosis, grunt_vaults_swirl,
          hangedman_vaults_variations, vaults_dpeg_doors,
          nicolae_vaults_mini_display_case, vaults_mumra_minichess,
          nicolae_vaults_security_offices_3, v_pattern_1,
          nicolae_vaults_storage_room_statues, vaults_dpeg_hooks,
          layout_vaults_ring, uniq_boris, uniq_aizul
Depths:1: layout_gridlike, kennysheep_donut,
          nicolae_hell_entry_hellmouth_sunbeams, chequers_serial_rivers_marsh,
          grunt_ministairs_1, minivault_22, hangedman_abyss_or_decor_stagger,
          dpeg_stationary_puzzle
Depths:2: kennysheep_room_grid, layout_basic, enter_ziggurat_a,
          rand_demon_pan_entry_9, hell_entry, cheibrodos_ashenzari_chains,
          uniq_josephina
Depths:3: hangedman_cross_cluster, layout_basic, serial_sigils,
          serial_sigils_hangedman_clutch, serial_sigils_hangedman_quiver,
          serial_sigils_hangedman_gut, serial_sigils_hangedman_gnaw,
          chequers_serial_rivers_micro_d,
          nicolae_abyss_entry_one_way_or_another, pf_coc_iceberg

Skill      XL: |  1  2  3  4  5  6  7  8  9 10 11 12 13 14 15 16 17 18 19 20 21 22 |
---------------+-------------------------------------------------------------------+-----
Axes           | 2 3 4 5 6 7 8 10 11 12 13 14 16 17 18 | 18.0
Throwing       | 1 2 4 5 7 8 9 11 | 11.0
Fighting       | 4 5 6 7 8 10 11 12 13 14 16 18 19 20 | 20.5
Dodging        | 1 2 3 4 5 6 |  6.0
Armour         | 4 6 7 9 10 11 13 14 16 17 18 19 | 19.0
Shields        | 4 5 6 7 8 9 10 11 14 18 20 21 | 21.0
Invocations    | 4 8 10 | 10.0

Action                     |  1- 3 |  4- 6 |  7- 9 | 10-12 | 13-15 | 16-18 | 19-21 | 22-24 || total
---------------------------+-------+-------+-------+-------+-------+-------+-------+-------++-------
  Melee: War axe           |   110 |    74 |   237 |    32 |       |       |       |       ||   453
         Broad axe         |       |       |       |   292 |   872 |  1303 |  1475 |   292 ||  4234
         Flail             |       |       |       |       |     7 |       |       |       ||     7
         Demon whip        |       |       |       |       |    31 |       |       |       ||    31
  Throw: Javelin           |     9 |    44 |    16 |       |    81 |   154 |    99 |    26 ||   429
         Boomerang         |       |       |       |   155 |    91 |   146 |   104 |     3 ||   499
 Invoke: Heroism           |       |       |       |    22 |    31 |    34 |    21 |     8 ||   116
         Finesse           |       |       |       |     1 |     3 |     5 |     8 |     1 ||    18
    Use: Scroll            |     2 |     7 |    12 |     5 |     8 |    14 |     2 |     2 ||    52
         Potion            |     1 |       |     9 |     1 |     3 |     5 |     4 |     2 ||    25
   Stab: Invisible         |       |       |     2 |       |       |       |       |       ||     2
         Petrified         |       |       |       |     2 |     3 |       |       |       ||     5
         Distracted        |       |       |       |       |     1 |     1 |       |     1 ||     3
         Paralysed         |       |       |       |       |     4 |     1 |       |       ||     5
         Confused          |       |       |       |       |     3 |     3 |       |       ||     6
         Held in net/web   |       |       |       |       |       |     2 |       |       ||     2
 Armour: Scale mail        |    75 |    36 |    19 |       |       |       |       |       ||   130
         Chain mail        |       |       |    55 |       |       |       |       |       ||    55
         Plate armour      |       |       |    11 |   165 |   368 |   676 |   530 |    88 ||  1838
  Dodge: Dodged            |    56 |    33 |   109 |   186 |   327 |   594 |   332 |    76 ||  1713
  Block: Buckler           |    23 |    18 |    33 |    87 |   314 |   688 |   137 |       ||  1300
         Reflection        |       |       |       |       |     7 |    41 |    55 |     5 ||   108
         Tower shield      |       |       |       |       |       |       |  1059 |   257 ||  1316

Table legend:
 A = Non-vault XP
 B = Vault XP
 C = Vault XP percentage of total XP
 D = Non-vault monster count
 E = Vault monster count
 F = Vault count percentage of total count
                 A         B        C        D         E       F
            +---------+---------+-------+---------+---------+-------
      Total |  404225 |  249668 |  38.2 |    1102 |     516 |  31.9
            +---------+---------+-------+---------+---------+-------
        D:1 |      31 |       0 |   0.0 |      22 |       0 |   0.0
        D:2 |      83 |       0 |   0.0 |      20 |       0 |   0.0
        D:3 |     254 |      56 |  18.1 |      28 |      21 |  42.9
        D:4 |     564 |     253 |  31.0 |      22 |       9 |  29.0
        D:5 |     957 |       0 |   0.0 |      19 |       0 |   0.0
        D:6 |     561 |     419 |  42.8 |      13 |       3 |  18.8
        D:7 |    1107 |     340 |  23.5 |      25 |       1 |   3.8
        D:8 |    1925 |       0 |   0.0 |      21 |       0 |   0.0
        D:9 |    2291 |     283 |  11.0 |      30 |       1 |   3.2
       D:10 |    2502 |       0 |   0.0 |      22 |       0 |   0.0
       D:11 |    2551 |    2360 |  48.1 |      13 |      24 |  64.9
       D:12 |    6185 |       0 |   0.0 |      21 |       0 |   0.0
       D:13 |    6294 |    8541 |  57.6 |      16 |      27 |  62.8
       D:14 |    5606 |   10097 |  64.3 |      17 |      24 |  58.5
       D:15 |   12813 |    4284 |  25.1 |      24 |       6 |  20.0
     Lair:1 |    5076 |    2253 |  30.7 |      22 |       7 |  24.1
     Lair:2 |   11885 |       0 |   0.0 |      38 |       0 |   0.0
     Lair:3 |    9805 |       0 |   0.0 |      38 |       0 |   0.0
     Lair:4 |   12999 |       0 |   0.0 |      49 |       0 |   0.0
     Lair:5 |   11205 |   20040 |  64.1 |      35 |      49 |  58.3
   Shoals:1 |   24537 |    6284 |  20.4 |      49 |      10 |  16.9
   Shoals:2 |   17067 |    2494 |  12.7 |      36 |       7 |  16.3
   Shoals:3 |   19342 |    1039 |   5.1 |      36 |       5 |  12.2
   Shoals:4 |   23149 |   22970 |  49.8 |      52 |      36 |  40.9
   Spider:1 |   14358 |       0 |   0.0 |      35 |       0 |   0.0
   Spider:2 |   19020 |   15041 |  44.2 |      48 |      34 |  41.5
   Spider:3 |   21452 |    6571 |  23.4 |      46 |      10 |  17.9
   Spider:4 |   21370 |   34431 |  61.7 |      53 |      58 |  52.3
      Orc:1 |    1123 |     244 |  17.8 |      25 |       4 |  13.8
      Orc:2 |    2833 |    6805 |  70.6 |      29 |      32 |  52.5
   Vaults:1 |    8325 |   13974 |  62.7 |      11 |      20 |  64.5
   Vaults:2 |   30280 |    7615 |  20.1 |      44 |      10 |  18.5
   Vaults:3 |   32952 |   22969 |  41.1 |      48 |      29 |  37.7
   Vaults:4 |   14423 |   28603 |  66.5 |      23 |      30 |  56.6
   Depths:1 |   14909 |   18425 |  55.3 |      20 |      26 |  56.5
   Depths:2 |   43334 |   12043 |  21.7 |      51 |      16 |  23.9
   Depths:3 |    1057 |    1082 |  50.6 |       1 |       1 |  50.0
    Ossuary |       0 |     152 | 100.0 |       0 |      16 | 100.0
            +---------+---------+-------+---------+---------+-------
